Workbook
Name Ano_Modelo__cfe._FIPE: Relação_de_Veiculos!$H$6:$H$8
Name Base_Insalub: BD!$E$49
Name Capacidade_Mínima_do_Veículo: Relação_de_Veiculos!$C$6:$C$8
Name CNPJ_Licitante: 'Dados de Entrada'!$D$4
Name Código_Fipe: Relação_de_Veiculos!$I$6:$I$8
Name Depreciação_mês: Relação_de_Veiculos!$L$6:$L$8
Name Licitante: 'Dados de Entrada'!$D$3
Name MANUTENCAO: Manutenção!$A$2:$B$17
Name Marca_cfe._FIPE: Relação_de_Veiculos!$F$6:$F$8
Name Marca_Modelo_cfe._CRLV: Relação_de_Veiculos!$E$6:$E$8
Name Modelo_cfe._FIPE: Relação_de_Veiculos!$G$6:$G$8
Name Nome_da_Rota: Relação_de_Veiculos!$B$6:$B$8
Name Ônibus: 'Depreciação e Inflação'!$B$15:$E$35
Name Ônibus_Curto: 'Depreciação e Inflação'!$G$15:$J$35
Name Relacao_de_Veiculos: Relação_de_Veiculos!$A$5:$N$8
Name Remuneração_do_Capital_mês: Relação_de_Veiculos!$K$6:$K$8
Name Rota: Relação_de_Veiculos!$A$6:$A$8
Name Tipo_de_Veículo: Relação_de_Veiculos!$D$6:$D$8
Name Valor_do_Veículo_na_Tabela_Fipe: Relação_de_Veiculos!$J$6:$J$8

Sheet Dados de Entrada
B1: DADOS DE ENTRADA
B3: Licitante
B4: CNPJ
B6: INFORMAÇÕES GERAIS | G6: REMUNERAÇÃO DOS MOTORISTAS | L6: PNEUS
C7: Tempo de Contrato (meses) | E7: 12 | G7: Remuneração Motorista de Ônibus | L7: ÔNIBUS
C8: Número de dias do período letivo | E8: 200 | H8: Salário | J8: 3968.15 | M8: Preço médio pneu 0km (por pneu) | O8: 2080.99
C9: Data Base | E9: 46388 | G9: Remuneração Motorista de Ônibus Curto | M9: Preço médio recapagem (por pneu) | O9: 823.33
C10: Regime de Tributação - IR | E10: Lucro Real | H10: Salário | J10: 3370.78 | L10: ÔNIBUS CURTO 4 X 4
C11: Alíquota de ISS | E11: 0.035 | G11: Remuneração Monitor | M11: Preço médio pneu 0km (por pneu) | O11: 722.66
H12: Salário | J12: 1717.96 | M12: Preço médio recapagem (por pneu) | O12: 458.33
B13: ÍNDICES | G13: Fonte da Informação: | L13: ÔNIBUS CURTO
C14: Taxa pré-fixada da TLP | E14: 0.0812 | M14: Preço médio pneu 0km (por pneu) | O14: 889.33
C15: IPCA | G15: UNIFORMES | M15: Preço médio recapagem (por pneu) | O15: 426.33
C16: 2027 | E16: =VLOOKUP(C16,'Depreciação e Inflação'!$B$38:$C$47,2,0) -> 0.043 | F16: =IF(E7>=12-IF(MONTH(E9)=1,0,MONTH(E9)),(E16+E$14)/12*(12-IF(MONTH(E9)=1,0,MONTH(E9))),(E16+E$14)/12*E7) -> 0.1242 | G16: Uniformes Motoristas - Preços Unitários
C17: =C16+1 -> 2028 | E17: =VLOOKUP(C17,'Depreciação e Inflação'!$B$38:$C$47,2,0) -> 0.038 | F17: =IF(E$7>=24-IF(MONTH(E9)=1,0,MONTH(E9)),E17+E$14,IF(E$7-12+IF(MONTH(E9)=1,0,MONTH(E9))<0,0,(E17+E$14)/12*(E$7-12+IF(MONTH(E9)=1,0,MONTH(E9))))) -> 0 | H17: Calça Social | J17: 97.05 | L17: OUTROS INSUMOS
C18: =C17+1 -> 2029 | E18: =VLOOKUP(C18,'Depreciação e Inflação'!$B$38:$C$47,2,0) -> 0.035 | F18: =IF(E$7>=36-IF(MONTH(E9)=1,0,MONTH(E9)),E18+E$14,IF(E$7-24+IF(MONTH(E9)=1,0,MONTH(E9))<0,0,(E18+E$14)/12*(E$7-24+IF(MONTH(E9)=1,0,MONTH(E9))))) -> 0 | H18: Camisa Social Manga Longa | J18: 98.67 | L18: Custos Fixos
C19: =C18+1 -> 2030 | E19: =VLOOKUP(C19,'Depreciação e Inflação'!$B$38:$C$47,2,0) -> 0.035 | F19: =IF(E$7>=48-IF(MONTH(E9)=1,0,MONTH(E9)),E19+E$14,IF(E$7-36+IF(MONTH(E9)=1,0,MONTH(E9))<0,0,(E19+E$14)/12*(E$7-36+IF(MONTH(E9)=1,0,MONTH(E9))))) -> 0 | H19: Camisa Social Manga Curta | J19: 52.51 | M19: Vistoria DETRAN - LIT (valor anual) | O19: 422.62
C20: =C19+1 -> 2031 | E20: =VLOOKUP(C20,'Depreciação e Inflação'!$B$38:$C$47,2,0) -> 0.035 | F20: =IF(E$7>=60-IF(MONTH(E9)=1,0,MONTH(E9)),E20+E$14,IF(E$7-48+IF(MONTH(E9)=1,0,MONTH(E9))<0,0,(E20+E$14)/12*(E$7-48+IF(MONTH(E9)=1,0,MONTH(E9))))) -> 0 | G20: Uniformes Monitor - Preços Unitários | M20: Vist. de ident. de veículo pesado (valor anual) | O20: =171.15*2 -> 342.3
C21: =C20+1 -> 2032 | E21: =VLOOKUP(C21,'Depreciação e Inflação'!$B$38:$C$47,2,0) -> #N/A | F21: =IF(E$7>=72-IF(MONTH(E9)=1,0,MONTH(E9)),E21+E$14,IF(E$7-60+IF(MONTH(E9)=1,0,MONTH(E9))<0,0,(E21+E$14)/12*(E$7-60+IF(MONTH(E9)=1,0,MONTH(E9))))) -> 0 | H21: Calça Social | J21: 97.05 | M21: Seguro de Responsabilidade Civil (Ano) | O21: 1518.14
B22: Obs. Revisar tabela na plan. "Depreciação e Inflação" | H22: Camisa Social Manga Longa | J22: 98.67 | M22: Licenciamento
H23: Camisa Social Manga Curta | J23: 52.51 | M23: Preço m² Adesivagem | O23: 96.2
B24: ÔNIBUS 01 | C24: Ônibus | M24: Aferição e Selagem do Tacógrafo + Tx INMETRO (valor bienal) | O24: =90.09+83.49 -> 173.58
B25: ÔNIBUS 02 | C25: Ônibus | L25: Custos Fixos - Equipamentos - Valores Unitários
B26: ÔNIBUS CURTO 01 | C26: Ônibus_Curto | M26: Celular (1 por ano) | O26: 783.33
B27: ÔNIBUS CURTO 02 | C27: Ônibus_Curto | M27: Recarga mensal para Celular | O27: 57.96
B28: ÔNIBUS CURTO 03 | C28: Ônibus_Curto | M28: Placa de Identificação (2 por veículo) | O28: 11.06
B29: ÔNIBUS CURTO 04 | C29: Ônibus_Curto | L29: Custos Variáveis
B30: VAN | C30: Van | M30: Preço Combustível - Diesel (litro) | O30: 6.15
M31: ARLA 32 (litro) | O31: 3.77
M32: Preço Óleo do Motor (litro) | O32: 48.13
M33: Preço Óleo Caixa (litro) | O33: 38.39
M34: Preço Óleo Diferencial (litro) | O34: 40
M35: Preço Fluido de Freio (litro) | O35: 40.17
M36: Preço Graxa | O36: 33.4
M37: Preço Lavagem (unitário)
M38: Ônibus | O38: 348.7
M39: Ônibus Curto | O39: 235.53
M40: Número de limpezas/mês | O40: 4

Sheet Totalização por Lote
B2: 16
B4: ="Licitante: "&Licitante&" - CNPJ: "&MID(CNPJ_Licitante,1,2)&"."&MID(CNPJ_Licitante,3,3)&"."&MID(CNPJ_Licitante,6,3)&"/"&MID(CNPJ_Licitante,9,4)&"-"&RIGHT(CNPJ_Licitante,2) -> Licitante: - CNPJ: ../-
A6: 1 | B6: =IFERROR("Rota "&OFFSET(INDIRECT(ADDRESS($B$2+2,9,1,1,"BD")),0,MATCH($A6,BD!$J$2:$P$2,0),1,1)&" "&VLOOKUP(OFFSET(INDIRECT(ADDRESS($B$2+2,9,1,1,"BD")),0,MATCH($A6,BD!$J$2:$P$2,0)),Rotas!$B$5:$C$8,2,0)&" / Veículo: "&VLOOKUP(OFFSET(INDIRECT(ADDRESS($B$2+2,9,1,1,"BD")),0,MATCH($A6,BD!$J$2:$P$2,0),1,1),Relacao_de_Veiculos,7,0)&" - Ano: "&VLOOKUP(OFFSET(INDIRECT(ADDRESS($B$2+2,9,1,1,"BD")),0,MATCH($A6,BD!$J$2:$P$2,0),1,1),Relacao_de_Veiculos,8,0)&" - Cod. FIPE: "&VLOOKUP(OFFSET(INDIRECT(ADDRESS($B$2+2,9,1,1,"BD")),0,MATCH($A6,BD!$J$2:$P$2,0),1,1),Relacao_de_Veiculos,9,0),"") -> Rota 112 EMILIA / SÃO PAULO / XARÁ / MORUNGAVA / Veículo: Marcopolo Volare Escolar V8L 4x4 (diesel E5) - Ano: 2013 - Cod. FIPE: 508039-8
B7: Item | C7: Descrição | D7: Custo Unitário (a) | E7: Quantidade Total por Ano (b) | F7: Unidade de medida | G7: Preço Total por Ano (R$) (c) = (a)*(b) | H7: Preço Total no Contrato (R$) (d) = (c)*n° de Anos de Contrato | I7: Preço Total do Item (R$) (e) = [Cf (total) + Cv (total)]
B9: 1 | C9: Serviço de Transporte Escolar
B10: 1.1 | C10: Custo Fixo (cf) | D10: {=ROUND(SUMPRODUCT(IF(Rotas!$B$5:$B$8=OFFSET(INDIRECT(ADDRESS($B$2+2,9,1,1,"BD")),0,MATCH($A6,BD!$J$2:$P$2,0),1,1),1,0),Rotas!$U$5:$U$8)*(1+BDI!$B$18),2)} -> 19243.29 | E10: 10 | F10: mês | G10: =D10*E10 -> 192432.9 | H10: =G10*('Dados de Entrada'!$E$7/12) -> 192432.9 | I10: =H10+H11 -> 252799.31
B11: 1.2 | C11: Custo Variável (cv) | D11: {=IFERROR((ROUND(SUMPRODUCT(IF(Rotas!$B$5:$B$8=OFFSET(INDIRECT(ADDRESS($B$2+2,9,1,1,"BD")),0,MATCH($A6,BD!$J$2:$P$2,0),1,1),1,0),Rotas!$Q$5:$Q$8)*(1+BDI!$B$18),4))/SUMPRODUCT(IF(Rotas!$B$5:$B$8=OFFSET(INDIRECT(ADDRESS($B$2+2,9,1,1,"BD")),0,MATCH($A6,BD!$J$2:$P$2,0),1,1),1,0),Rotas!$F$5:$F$8),0)} -> 3.4995019 | E11: {=SUMPRODUCT(IF(Rotas!$B$5:$B$8=OFFSET(INDIRECT(ADDRESS($B$2+2,9,1,1,"BD")),0,MATCH($A6,BD!$J$2:$P$2,0),1,1),1,0),Rotas!$F$5:$F$8)*10} -> 17250 | F11: km estimada / ano | G11: =D11*E11 -> 60366.407 | H11: =G11*('Dados de Entrada'!$E$7/12) -> 60366.407
B12: 1.3 | C12: HE 50% Motorista | D12: =IFERROR(OFFSET('Hora Extra'!$A$19,0,MATCH(VLOOKUP(VLOOKUP(OFFSET(INDIRECT(ADDRESS($B$2+2,9,1,1,"BD")),0,MATCH($A6,BD!$J$2:$P$2,0),1,1),Rotas!$B$5:$E$8,4,0),BD!$D$2:$E$9,2,0),'Hora Extra'!$B$4:$D$4,0)),0) -> 52.85 | E12: =IF(D12=0,0,10*10*COUNTIF(Rotas!$B$5:$B$8,OFFSET(INDIRECT(ADDRESS($B$2+2,9,1,1,"BD")),0,MATCH($A6,BD!$J$2:$P$2,0),1,1))) -> 100 | F12: Hora | G12: =D12*E12 -> 5285 | H12: =G12*('Dados de Entrada'!$E$7/12) -> 5285 | I12: =H12 -> 5285
B13: 1.4 | C13: HE 50% Monitor | D13: =IF(B6="",0,'Hora Extra'!$D$19) -> 26.93 | E13: =IF(D12=0,0,10*10*COUNTIF(Rotas!$B$5:$B$8,OFFSET(INDIRECT(ADDRESS($B$2+2,9,1,1,"BD")),0,MATCH($A6,BD!$J$2:$P$2,0),1,1))) -> 100 | F13: Hora | G13: =D13*E13 -> 2693 | H13: =G13*('Dados de Entrada'!$E$7/12) -> 2693 | I13: =H13 -> 2693
F14: TOTAIS: | G14: =G10+G11 -> 252799.31 | I14: =I10+I11+I12+I13 -> 260777.31
A16: =A6+1 -> 2 | B16: =IFERROR("Rota "&OFFSET(INDIRECT(ADDRESS($B$2+2,9,1,1,"BD")),0,MATCH($A16,BD!$J$2:$P$2,0),1,1)&" "&VLOOKUP(OFFSET(INDIRECT(ADDRESS($B$2+2,9,1,1,"BD")),0,MATCH($A16,BD!$J$2:$P$2,0)),Rotas!$B$5:$C$8,2,0)&" / Veículo: "&VLOOKUP(OFFSET(INDIRECT(ADDRESS($B$2+2,9,1,1,"BD")),0,MATCH($A16,BD!$J$2:$P$2,0),1,1),Relacao_de_Veiculos,7,0)&" - Ano: "&VLOOKUP(OFFSET(INDIRECT(ADDRESS($B$2+2,9,1,1,"BD")),0,MATCH($A16,BD!$J$2:$P$2,0),1,1),Relacao_de_Veiculos,8,0)&" - Cod. FIPE: "&VLOOKUP(OFFSET(INDIRECT(ADDRESS($B$2+2,9,1,1,"BD")),0,MATCH($A16,BD!$J$2:$P$2,0),1,1),Relacao_de_Veiculos,9,0),"") -> Rota 113 EMILIA / SÃO PAULO / PEDREIRA / ESTRADA DA PALHA / Veículo: Marcopolo Volare Escolar/LOT. W8 FLY (diesel E5) - Ano: 2012 - Cod. FIPE: 508015-0
B17: Item | C17: Descrição | D17: Custo Unitário (a) | E17: Quantidade Total por Ano (b) | F17: Unidade de medida | G17: Preço Total por Ano (R$) (c) = (a)*(b) | H17: Preço Total no Contrato (R$) (d) = (c)*n° de Anos de Contrato | I17: Preço Total do Item (R$) (e) = [Cf (total) + Cv (total)]
B19: 1 | C19: Serviço de Transporte Escolar
B20: 1.1 | C20: Custo Fixo (cf) | D20: {=ROUND(SUMPRODUCT(IF(Rotas!$B$5:$B$8=OFFSET(INDIRECT(ADDRESS($B$2+2,9,1,1,"BD")),0,MATCH($A16,BD!$J$2:$P$2,0),1,1),1,0),Rotas!$U$5:$U$8)*(1+BDI!$B$18),2)} -> 18079.87 | E20: 10 | F20: mês | G20: =D20*E20 -> 180798.7 | H20: =G20*('Dados de Entrada'!$E$7/12) -> 180798.7 | I20: =H20+H21 -> 224458.4
B21: 1.2 | C21: Custo Variável (cv) | D21: {=IFERROR((ROUND(SUMPRODUCT(IF(Rotas!$B$5:$B$8=OFFSET(INDIRECT(ADDRESS($B$2+2,9,1,1,"BD")),0,MATCH($A16,BD!$J$2:$P$2,0),1,1),1,0),Rotas!$Q$5:$Q$8)*(1+BDI!$B$18),4))/SUMPRODUCT(IF(Rotas!$B$5:$B$8=OFFSET(INDIRECT(ADDRESS($B$2+2,9,1,1,"BD")),0,MATCH($A16,BD!$J$2:$P$2,0),1,1),1,0),Rotas!$F$5:$F$8),0)} -> 3.1752508 | E21: {=SUMPRODUCT(IF(Rotas!$B$5:$B$8=OFFSET(INDIRECT(ADDRESS($B$2+2,9,1,1,"BD")),0,MATCH($A16,BD!$J$2:$P$2,0),1,1),1,0),Rotas!$F$5:$F$8)*10} -> 13750 | F21: km estimada / ano | G21: =D21*E21 -> 43659.698 | H21: =G21*('Dados de Entrada'!$E$7/12) -> 43659.698
B22: 1.3 | C22: HE 50% Motorista | D22: =IFERROR(OFFSET('Hora Extra'!$A$19,0,MATCH(VLOOKUP(VLOOKUP(OFFSET(INDIRECT(ADDRESS($B$2+2,9,1,1,"BD")),0,MATCH($A16,BD!$J$2:$P$2,0),1,1),Rotas!$B$5:$E$8,4,0),BD!$D$2:$E$9,2,0),'Hora Extra'!$B$4:$D$4,0)),0) -> 52.85 | E22: =IF(D22=0,0,10*10*COUNTIF(Rotas!$B$5:$B$8,OFFSET(INDIRECT(ADDRESS($B$2+2,9,1,1,"BD")),0,MATCH($A16,BD!$J$2:$P$2,0),1,1))) -> 100 | F22: Hora | G22: =D22*E22 -> 5285 | H22: =G22*('Dados de Entrada'!$E$7/12) -> 5285 | I22: =H22 -> 5285
B23: 1.4 | C23: HE 50% Monitor | D23: =IF(B16="",0,'Hora Extra'!$D$19) -> 26.93 | E23: =IF(D22=0,0,10*10*COUNTIF(Rotas!$B$5:$B$8,OFFSET(INDIRECT(ADDRESS($B$2+2,9,1,1,"BD")),0,MATCH($A16,BD!$J$2:$P$2,0),1,1))) -> 100 | F23: Hora | G23: =D23*E23 -> 2693 | H23: =G23*('Dados de Entrada'!$E$7/12) -> 2693 | I23: =H23 -> 2693
F24: TOTAIS: | G24: =G20+G21 -> 224458.4 | I24: =I20+I21+I22+I23 -> 232436.4
A26: =A16+1 -> 3 | B26: =IFERROR("Rota "&OFFSET(INDIRECT(ADDRESS($B$2+2,9,1,1,"BD")),0,MATCH($A26,BD!$J$2:$P$2,0),1,1)&" "&VLOOKUP(OFFSET(INDIRECT(ADDRESS($B$2+2,9,1,1,"BD")),0,MATCH($A26,BD!$J$2:$P$2,0)),Rotas!$B$5:$C$8,2,0)&" / Veículo: "&VLOOKUP(OFFSET(INDIRECT(ADDRESS($B$2+2,9,1,1,"BD")),0,MATCH($A26,BD!$J$2:$P$2,0),1,1),Relacao_de_Veiculos,7,0)&" - Ano: "&VLOOKUP(OFFSET(INDIRECT(ADDRESS($B$2+2,9,1,1,"BD")),0,MATCH($A26,BD!$J$2:$P$2,0),1,1),Relacao_de_Veiculos,8,0)&" - Cod. FIPE: "&VLOOKUP(OFFSET(INDIRECT(ADDRESS($B$2+2,9,1,1,"BD")),0,MATCH($A26,BD!$J$2:$P$2,0),1,1),Relacao_de_Veiculos,9,0),"") -> Rota 114 EMILIA / SÃO PAULO / SANTO INÁCIO / Veículo: Marcopolo Volare Escolar/LOT. W8 FLY (diesel E5) - Ano: 2012 - Cod. FIPE: 508015-0
B27: Item | C27: Descrição | D27: Custo Unitário (a) | E27: Quantidade Total por Ano (b) | F27: Unidade de medida | G27: Preço Total por Ano (R$) (c) = (a)*(b) | H27: Preço Total no Contrato (R$) (d) = (c)*n° de Anos de Contrato | I27: Preço Total do Item (R$) (e) = [Cf (total) + Cv (total)]
B29: 1 | C29: Serviço de Transporte Escolar
B30: 1.1 | C30: Custo Fixo (cf) | D30: {=ROUND(SUMPRODUCT(IF(Rotas!$B$5:$B$8=OFFSET(INDIRECT(ADDRESS($B$2+2,9,1,1,"BD")),0,MATCH($A26,BD!$J$2:$P$2,0),1,1),1,0),Rotas!$U$5:$U$8)*(1+BDI!$B$18),2)} -> 18079.87 | E30: 10 | F30: mês | G30: =D30*E30 -> 180798.7 | H30: =G30*('Dados de Entrada'!$E$7/12) -> 180798.7 | I30: =H30+H31 -> 233158.58
B31: 1.2 | C31: Custo Variável (cv) | D31: {=IFERROR((ROUND(SUMPRODUCT(IF(Rotas!$B$5:$B$8=OFFSET(INDIRECT(ADDRESS($B$2+2,9,1,1,"BD")),0,MATCH($A26,BD!$J$2:$P$2,0),1,1),1,0),Rotas!$Q$5:$Q$8)*(1+BDI!$B$18),4))/SUMPRODUCT(IF(Rotas!$B$5:$B$8=OFFSET(INDIRECT(ADDRESS($B$2+2,9,1,1,"BD")),0,MATCH($A26,BD!$J$2:$P$2,0),1,1),1,0),Rotas!$F$5:$F$8),0)} -> 3.1752508 | E31: {=SUMPRODUCT(IF(Rotas!$B$5:$B$8=OFFSET(INDIRECT(ADDRESS($B$2+2,9,1,1,"BD")),0,MATCH($A26,BD!$J$2:$P$2,0),1,1),1,0),Rotas!$F$5:$F$8)*10} -> 16490 | F31: km estimada / ano | G31: =D31*E31 -> 52359.885 | H31: =G31*('Dados de Entrada'!$E$7/12) -> 52359.885
B32: 1.3 | C32: HE 50% Motorista | D32: =IFERROR(OFFSET('Hora Extra'!$A$19,0,MATCH(VLOOKUP(VLOOKUP(OFFSET(INDIRECT(ADDRESS($B$2+2,9,1,1,"BD")),0,MATCH($A26,BD!$J$2:$P$2,0),1,1),Rotas!$B$5:$E$8,4,0),BD!$D$2:$E$9,2,0),'Hora Extra'!$B$4:$D$4,0)),0) -> 52.85 | E32: =IF(D32=0,0,10*10*COUNTIF(Rotas!$B$5:$B$8,OFFSET(INDIRECT(ADDRESS($B$2+2,9,1,1,"BD")),0,MATCH($A26,BD!$J$2:$P$2,0),1,1))) -> 100 | F32: Hora | G32: =D32*E32 -> 5285 | H32: =G32*('Dados de Entrada'!$E$7/12) -> 5285 | I32: =H32 -> 5285
B33: 1.4 | C33: HE 50% Monitor | D33: =IF(B26="",0,'Hora Extra'!$D$19) -> 26.93 | E33: =IF(D32=0,0,10*10*COUNTIF(Rotas!$B$5:$B$8,OFFSET(INDIRECT(ADDRESS($B$2+2,9,1,1,"BD")),0,MATCH($A26,BD!$J$2:$P$2,0),1,1))) -> 100 | F33: Hora | G33: =D33*E33 -> 2693 | H33: =G33*('Dados de Entrada'!$E$7/12) -> 2693 | I33: =H33 -> 2693
F34: TOTAIS: | G34: =G30+G31 -> 233158.58 | I34: =I30+I31+I32+I33 -> 241136.58
B36: TOTAIS
B38: Item | C38: Descrição | D38: Custo Unitário (a) | E38: Quantidade Total por Ano (b) | F38: Unidade de medida | G38: Preço Total por Ano (R$) (c) = (a)*(b) | H38: Preço Total no Contrato (R$) (d) = (c)*n° de Anos de Contrato | I38: Preço Total do Item (R$) (e) = [Cf (total) + Cv (total)]
B40: 1 | C40: Serviço de Transporte Escolar - Veículo: Ônibus - Propriedade do Veículo: Terceirizado
B41: 1.1 | C41: Custo Fixo (cf) | G41: =SUMIF($C$1:$C$35,$C41,$G$1:$G$35) -> 554030.3 | H41: =G41*('Dados de Entrada'!$E$7/12) -> 554030.3 | I41: =H41+H42 -> 710416.29
B42: 1.2 | C42: Custo Variável (cv) | G42: =SUMIF($C$1:$C$35,$C42,$G$1:$G$35) -> 156385.99 | H42: =G42*('Dados de Entrada'!$E$7/12) -> 156385.99
B43: 1.3 | C43: HE 50% Motorista | G43: =SUMIF($C$1:$C$35,$C43,$G$1:$G$35) -> 15855 | H43: =G43*('Dados de Entrada'!$E$7/12) -> 15855 | I43: =H43 -> 15855
B44: 1.4 | C44: HE 50% Monitor | G44: =SUMIF($C$1:$C$35,$C44,$G$1:$G$35) -> 8079 | H44: =G44*('Dados de Entrada'!$E$7/12) -> 8079 | I44: =H44 -> 8079
F45: TOTAL/ANO: | G45: =G41+G42 -> 710416.29 | H45: TOTAL/CONTRATO: | I45: =I41+I42+I43+I44 -> 734350.29

Sheet Rotas
A1: Planilha Orçamentária (sem Horas Extras)
F2: PERCURSO | K2: CUSTO VARIÁVEL | R2: CUSTO FIXO (R$ / mês) | V2: TOTAL MENSAL | Y2: TOTAL ANUAL
F3: TOTAL | G3: Não Pavimentado | I3: Pavimentado | K3: Não Pavimentado (R$ / Km) | N3: Pavimentado (R$ / Km) | Q3: Custo Variável Mensal | R3: Remuneração do Capital | S3: Depreciação | T3: Outros Custos Fixos | U3: Custo Fixo Mensal | V3: Sem BDI | W3: Com BDI | X3: Custo Total Mensal por Km
A4: Nº do Lote | B4: Rota | C4: Nome da Rota | D4: Capacidade Mínima do Veículo | E4: Tipo de Veículo | F4: Km/mês | G4: % | H4: Km | I4: % | J4: Km | K4: Manut. | L4: Outros | M4: Total | N4: Manut. | O4: Outros | P4: Total
A5: 16 | B5: 112 | C5: EMILIA / SÃO PAULO / XARÁ / MORUNGAVA | D5: 30 | E5: Ônibus 04 | F5: 1725 | G5: 0.4 | H5: =IFERROR($F5*G5,0) -> 690 | I5: 0.6 | J5: =IFERROR($F5*I5,0) -> 1035 | K5: =Relação_de_Veiculos!M6 -> 0.9017 | L5: =VLOOKUP(E5,BD!$D$1:$I$9,4,0) -> 1.8731 | M5: =SUM(K5:L5) -> 2.7748 | N5: =Relação_de_Veiculos!N6 -> 0.6936 | O5: =VLOOKUP(E5,BD!$D$1:$I$9,5,0) -> 1.7455 | P5: =SUM(N5:O5) -> 2.4391 | Q5: =(H5*M5)+(J5*P5) -> 4439.0805 | R5: =Relação_de_Veiculos!K6 -> 2075.94 | S5: =Relação_de_Veiculos!L6 -> 0 | T5: =VLOOKUP(E5,BD!$D$1:$I$9,6,0) -> 12074.73 | U5: =SUM(R5:T5) -> 14150.67 | V5: =SUM(Q5,U5) -> 18589.751 | W5: =ROUND(Q5*(1+BDI!$B$18),4)+ROUND((U5*(1+BDI!$B$18)),2) -> 25279.931 | X5: =SUM(W5)/F5 -> 14.655032 | Y5: =(W5*10) -> 252799.31 | AA5: =G5+I5 -> 1 | AB5: 0
A6: 16 | B6: 113 | C6: EMILIA / SÃO PAULO / PEDREIRA / ESTRADA DA PALHA | D6: 32 | E6: Ônibus 06 | F6: 1375 | G6: 0.6 | H6: =IFERROR($F6*G6,0) -> 825 | I6: 0.4 | J6: =IFERROR($F6*I6,0) -> 550 | K6: =Relação_de_Veiculos!M7 -> 0.5584 | L6: =VLOOKUP(E6,BD!$D$1:$I$9,4,0) -> 1.8797 | M6: =SUM(K6:L6) -> 2.4381 | N6: =Relação_de_Veiculos!N7 -> 0.4296 | O6: =VLOOKUP(E6,BD!$D$1:$I$9,5,0) -> 1.7506 | P6: =SUM(N6:O6) -> 2.1802 | Q6: =(H6*M6)+(J6*P6) -> 3210.5425 | R6: =Relação_de_Veiculos!K7 -> 1220.41 | S6: =Relação_de_Veiculos!L7 -> 0 | T6: =VLOOKUP(E6,BD!$D$1:$I$9,6,0) -> 12074.73 | U6: =SUM(R6:T6) -> 13295.14 | V6: =SUM(Q6,U6) -> 16505.683 | W6: =ROUND(Q6*(1+BDI!$B$18),4)+ROUND((U6*(1+BDI!$B$18)),2) -> 22445.84 | X6: =SUM(W6)/F6 -> 16.324247 | Y6: =(W6*10) -> 224458.4 | AA6: =G6+I6 -> 1 | AB6: 0
A7: 16 | B7: 114 | C7: EMILIA / SÃO PAULO / SANTO INÁCIO | D7: 32 | E7: Ônibus 06 | F7: 1649 | G7: 0.6 | H7: =IFERROR($F7*G7,0) -> 989.4 | I7: 0.4 | J7: =IFERROR($F7*I7,0) -> 659.6 | K7: =Relação_de_Veiculos!M8 -> 0.5584 | L7: =VLOOKUP(E7,BD!$D$1:$I$9,4,0) -> 1.8797 | M7: =SUM(K7:L7) -> 2.4381 | N7: =Relação_de_Veiculos!N8 -> 0.4296 | O7: =VLOOKUP(E7,BD!$D$1:$I$9,5,0) -> 1.7506 | P7: =SUM(N7:O7) -> 2.1802 | Q7: =(H7*M7)+(J7*P7) -> 3850.3161 | R7: =Relação_de_Veiculos!K8 -> 1220.41 | S7: =Relação_de_Veiculos!L8 -> 0 | T7: =VLOOKUP(E7,BD!$D$1:$I$9,6,0) -> 12074.73 | U7: =SUM(R7:T7) -> 13295.14 | V7: =SUM(Q7,U7) -> 17145.456 | W7: =ROUND(Q7*(1+BDI!$B$18),4)+ROUND((U7*(1+BDI!$B$18)),2) -> 23315.858 | X7: =SUM(W7)/F7 -> 14.139393 | Y7: =(W7*10) -> 233158.58 | AA7: =G7+I7 -> 1 | AB7: 0
E9: Totais | F9: =SUBTOTAL(9,F5:F8) -> 4749 | H9: =SUBTOTAL(9,H5:H8) -> 2504.4 | J9: =SUBTOTAL(9,J5:J8) -> 2244.6 | Q9: =SUBTOTAL(9,Q5:Q8) -> 11499.939 | R9: =SUBTOTAL(9,R5:R8) -> 4516.76 | S9: =SUBTOTAL(9,S5:S8) -> 0 | T9: =SUBTOTAL(9,T5:T8) -> 36224.19 | U9: =SUBTOTAL(9,U5:U8) -> 40740.95 | V9: =SUBTOTAL(9,V5:V8) -> 52240.889 | W9: =SUBTOTAL(9,W5:W8) -> 71041.629 | X9: =SUM(W9)/F9 -> 14.959282 | Y9: =SUBTOTAL(9,Y5:Y8) -> 710416.29

Sheet Relação_de_Veiculos
A2: RELAÇAO DE VEÍCULOS POR ROTA
A5: Rota | B5: Nome da Rota | C5: Capacidade Mínima do Veículo | D5: Tipo de Veículo | E5: Marca/Modelo cfe. CRLV | F5: Marca cfe. FIPE | G5: Modelo cfe. FIPE | H5: Ano Modelo (cfe. FIPE) | I5: Código Fipe | J5: Valor do Veículo na Tabela Fipe | K5: Remuneração do Capital mês | L5: Depreciação mês | M5: Manutenção R$/Km Não Pavimentado | N5: Manutenção R$/Km Pavimentado
A6: =Rotas!B5 -> 112 | B6: =Rotas!C5 -> EMILIA / SÃO PAULO / XARÁ / MORUNGAVA | C6: =Rotas!D5 -> 30 | D6: =Rotas!E5 -> Ônibus 04 | F6: =VLOOKUP($D6,BD!$S$2:$Y$8,3,0) -> MARCOPOLO | G6: =VLOOKUP($D6,BD!$S$2:$Y$8,4,0) -> Marcopolo Volare Escolar V8L 4x4 (diesel E5) | H6: =VLOOKUP($D6,BD!$S$2:$Y$8,5,0) -> 2013 | I6: =VLOOKUP($D6,BD!$S$2:$Y$8,6,0) -> 508039-8 | J6: =VLOOKUP($D6,BD!$S$2:$Y$8,7,0) -> 200574 | K6: =_xlfn.IFNA(ROUND((((1+'Dados de Entrada'!$F$16)*(1+'Dados de Entrada'!$F$17)*(1+'Dados de Entrada'!$F$18)*(1+'Dados de Entrada'!$F$19)*(1+'Dados de Entrada'!$F$20)*(1+'Dados de Entrada'!$F$21)-1)*J6)/'Dados de Entrada'!$E$7,2),0) -> 2075.94 | L6: {=ROUND(J6*((10-IF((YEAR('Dados de Entrada'!$E$9)-H6)>10,10,(YEAR('Dados de Entrada'!$E$9)-H6)))/SUM(10-(ROW(INDIRECT("1:"&10))-1)))*(1-0.15),2)} -> 0 | M6: =_xlfn.IFNA(ROUND(_xlfn.IFS(VLOOKUP($D6,BD!$D$2:$F$9,3,0)="Ônibus",($J6/VLOOKUP(YEAR('Dados de Entrada'!$E$9)-$H6,Ônibus,4,0)*VLOOKUP(0,Ônibus,4,0))-(CV_Comuns!$I$11*CV_Comuns!$I$15),VLOOKUP($D6,BD!$D$2:$F$9,3,0)="Ônibus_Curto",($J6/VLOOKUP(YEAR('Dados de Entrada'!$E$9)-$H6,Ônibus_Curto,4,0)*VLOOKUP(0,Ônibus_Curto,4,0))-(CV_Comuns!$Y$11*CV_Comuns!$Y$15),VLOOKUP($D6,BD!$D$2:$F$9,3,0)="Ônibus_Curto_4x4",($J6/VLOOKUP(YEAR('Dados de Entrada'!$E$9)-$H6,Ônibus_Curto,4,0)*VLOOKUP(0,Ônibus_Curto,4,0))-(CV_Comuns!$Q$11*CV_Comuns!$Q$15))*(VLOOKUP(YEAR('Dados de Entrada'!$E$9)-H6,MANUTENCAO,2,0)*1.3),4),0) -> 0.9017 | N6: =_xlfn.IFNA(ROUND(_xlfn.IFS(VLOOKUP($D6,BD!$D$2:$F$9,3,0)="Ônibus",($J6/VLOOKUP(YEAR('Dados de Entrada'!$E$9)-$H6,Ônibus,4,0)*VLOOKUP(0,Ônibus,4,0))-(CV_Comuns!$I$11*CV_Comuns!$I$15),VLOOKUP($D6,BD!$D$2:$F$9,3,0)="Ônibus_Curto",($J6/VLOOKUP(YEAR('Dados de Entrada'!$E$9)-$H6,Ônibus_Curto,4,0)*VLOOKUP(0,Ônibus_Curto,4,0))-(CV_Comuns!$Y$11*CV_Comuns!$Y$15),VLOOKUP($D6,BD!$D$2:$F$9,3,0)="Ônibus_Curto_4x4",($J6/VLOOKUP(YEAR('Dados de Entrada'!$E$9)-$H6,Ônibus_Curto,4,0)*VLOOKUP(0,Ônibus_Curto,4,0))-(CV_Comuns!$Q$11*CV_Comuns!$Q$15))*VLOOKUP(YEAR('Dados de Entrada'!$E$9)-H6,MANUTENCAO,2,0),4),0) -> 0.6936
A7: =Rotas!B6 -> 113 | B7: =Rotas!C6 -> EMILIA / SÃO PAULO / PEDREIRA / ESTRADA DA PALHA | C7: =Rotas!D6 -> 32 | D7: =Rotas!E6 -> Ônibus 06 | F7: =VLOOKUP($D7,BD!$S$2:$Y$8,3,0) -> MARCOPOLO | G7: =VLOOKUP($D7,BD!$S$2:$Y$8,4,0) -> Marcopolo Volare Escolar/LOT. W8 FLY (diesel E5) | H7: =VLOOKUP($D7,BD!$S$2:$Y$8,5,0) -> 2012 | I7: =VLOOKUP($D7,BD!$S$2:$Y$8,6,0) -> 508015-0 | J7: =VLOOKUP($D7,BD!$S$2:$Y$8,7,0) -> 117914 | K7: =_xlfn.IFNA(ROUND((((1+'Dados de Entrada'!$F$16)*(1+'Dados de Entrada'!$F$17)*(1+'Dados de Entrada'!$F$18)*(1+'Dados de Entrada'!$F$19)*(1+'Dados de Entrada'!$F$20)*(1+'Dados de Entrada'!$F$21)-1)*J7)/'Dados de Entrada'!$E$7,2),0) -> 1220.41 | L7: {=ROUND(J7*((10-IF((YEAR('Dados de Entrada'!$E$9)-H7)>10,10,(YEAR('Dados de Entrada'!$E$9)-H7)))/SUM(10-(ROW(INDIRECT("1:"&10))-1)))*(1-0.15),2)} -> 0 | M7: =_xlfn.IFNA(ROUND(_xlfn.IFS(VLOOKUP($D7,BD!$D$2:$F$9,3,0)="Ônibus",($J7/VLOOKUP(YEAR('Dados de Entrada'!$E$9)-$H7,Ônibus,4,0)*VLOOKUP(0,Ônibus,4,0))-(CV_Comuns!$I$11*CV_Comuns!$I$15),VLOOKUP($D7,BD!$D$2:$F$9,3,0)="Ônibus_Curto",($J7/VLOOKUP(YEAR('Dados de Entrada'!$E$9)-$H7,Ônibus_Curto,4,0)*VLOOKUP(0,Ônibus_Curto,4,0))-(CV_Comuns!$Y$11*CV_Comuns!$Y$15),VLOOKUP($D7,BD!$D$2:$F$9,3,0)="Ônibus_Curto_4x4",($J7/VLOOKUP(YEAR('Dados de Entrada'!$E$9)-$H7,Ônibus_Curto,4,0)*VLOOKUP(0,Ônibus_Curto,4,0))-(CV_Comuns!$Q$11*CV_Comuns!$Q$15))*(VLOOKUP(YEAR('Dados de Entrada'!$E$9)-H7,MANUTENCAO,2,0)*1.3),4),0) -> 0.5584 | N7: =_xlfn.IFNA(ROUND(_xlfn.IFS(VLOOKUP($D7,BD!$D$2:$F$9,3,0)="Ônibus",($J7/VLOOKUP(YEAR('Dados de Entrada'!$E$9)-$H7,Ônibus,4,0)*VLOOKUP(0,Ônibus,4,0))-(CV_Comuns!$I$11*CV_Comuns!$I$15),VLOOKUP($D7,BD!$D$2:$F$9,3,0)="Ônibus_Curto",($J7/VLOOKUP(YEAR('Dados de Entrada'!$E$9)-$H7,Ônibus_Curto,4,0)*VLOOKUP(0,Ônibus_Curto,4,0))-(CV_Comuns!$Y$11*CV_Comuns!$Y$15),VLOOKUP($D7,BD!$D$2:$F$9,3,0)="Ônibus_Curto_4x4",($J7/VLOOKUP(YEAR('Dados de Entrada'!$E$9)-$H7,Ônibus_Curto,4,0)*VLOOKUP(0,Ônibus_Curto,4,0))-(CV_Comuns!$Q$11*CV_Comuns!$Q$15))*VLOOKUP(YEAR('Dados de Entrada'!$E$9)-H7,MANUTENCAO,2,0),4),0) -> 0.4296
A8: =Rotas!B7 -> 114 | B8: =Rotas!C7 -> EMILIA / SÃO PAULO / SANTO INÁCIO | C8: =Rotas!D7 -> 32 | D8: =Rotas!E7 -> Ônibus 06 | F8: =VLOOKUP($D8,BD!$S$2:$Y$8,3,0) -> MARCOPOLO | G8: =VLOOKUP($D8,BD!$S$2:$Y$8,4,0) -> Marcopolo Volare Escolar/LOT. W8 FLY (diesel E5) | H8: =VLOOKUP($D8,BD!$S$2:$Y$8,5,0) -> 2012 | I8: =VLOOKUP($D8,BD!$S$2:$Y$8,6,0) -> 508015-0 | J8: =VLOOKUP($D8,BD!$S$2:$Y$8,7,0) -> 117914 | K8: =_xlfn.IFNA(ROUND((((1+'Dados de Entrada'!$F$16)*(1+'Dados de Entrada'!$F$17)*(1+'Dados de Entrada'!$F$18)*(1+'Dados de Entrada'!$F$19)*(1+'Dados de Entrada'!$F$20)*(1+'Dados de Entrada'!$F$21)-1)*J8)/'Dados de Entrada'!$E$7,2),0) -> 1220.41 | L8: {=ROUND(J8*((10-IF((YEAR('Dados de Entrada'!$E$9)-H8)>10,10,(YEAR('Dados de Entrada'!$E$9)-H8)))/SUM(10-(ROW(INDIRECT("1:"&10))-1)))*(1-0.15),2)} -> 0 | M8: =_xlfn.IFNA(ROUND(_xlfn.IFS(VLOOKUP($D8,BD!$D$2:$F$9,3,0)="Ônibus",($J8/VLOOKUP(YEAR('Dados de Entrada'!$E$9)-$H8,Ônibus,4,0)*VLOOKUP(0,Ônibus,4,0))-(CV_Comuns!$I$11*CV_Comuns!$I$15),VLOOKUP($D8,BD!$D$2:$F$9,3,0)="Ônibus_Curto",($J8/VLOOKUP(YEAR('Dados de Entrada'!$E$9)-$H8,Ônibus_Curto,4,0)*VLOOKUP(0,Ônibus_Curto,4,0))-(CV_Comuns!$Y$11*CV_Comuns!$Y$15),VLOOKUP($D8,BD!$D$2:$F$9,3,0)="Ônibus_Curto_4x4",($J8/VLOOKUP(YEAR('Dados de Entrada'!$E$9)-$H8,Ônibus_Curto,4,0)*VLOOKUP(0,Ônibus_Curto,4,0))-(CV_Comuns!$Q$11*CV_Comuns!$Q$15))*(VLOOKUP(YEAR('Dados de Entrada'!$E$9)-H8,MANUTENCAO,2,0)*1.3),4),0) -> 0.5584 | N8: =_xlfn.IFNA(ROUND(_xlfn.IFS(VLOOKUP($D8,BD!$D$2:$F$9,3,0)="Ônibus",($J8/VLOOKUP(YEAR('Dados de Entrada'!$E$9)-$H8,Ônibus,4,0)*VLOOKUP(0,Ônibus,4,0))-(CV_Comuns!$I$11*CV_Comuns!$I$15),VLOOKUP($D8,BD!$D$2:$F$9,3,0)="Ônibus_Curto",($J8/VLOOKUP(YEAR('Dados de Entrada'!$E$9)-$H8,Ônibus_Curto,4,0)*VLOOKUP(0,Ônibus_Curto,4,0))-(CV_Comuns!$Y$11*CV_Comuns!$Y$15),VLOOKUP($D8,BD!$D$2:$F$9,3,0)="Ônibus_Curto_4x4",($J8/VLOOKUP(YEAR('Dados de Entrada'!$E$9)-$H8,Ônibus_Curto,4,0)*VLOOKUP(0,Ônibus_Curto,4,0))-(CV_Comuns!$Q$11*CV_Comuns!$Q$15))*VLOOKUP(YEAR('Dados de Entrada'!$E$9)-H8,MANUTENCAO,2,0),4),0) -> 0.4296

Sheet CF_Comuns
C2: CUSTOS FIXOS COMUNS
C5: Custos Fixos Valor de referência para o pagamento em cada um dos meses de prestação de serviço.
E8: ÔNIBUS | F8: ÔNIBUS CURTO
C9: MÃO DE OBRA | E9: Valor | F9: Valor
C10: Motorista | E10: =E11+E12 -> 8299.07 | F10: =F11+F12 -> 7277.35
C11: Salário | E11: =Motorista!K41 -> 3968.15 | F11: =Motorista!L41 -> 3370.78
C12: Encargos Trabalhistas e Outros Custos | E12: =SUM(Motorista!K74,Motorista!K85,Motorista!K111) -> 4330.92 | F12: =SUM(Motorista!L74,Motorista!L85,Motorista!L111) -> 3906.57
C13: Monitor | E13: =E14+E15 -> 3606.01 | F13: =F14+F15 -> 3606.01
C14: Salário | E14: =Monitor!K40 -> 1717.96 | F14: =Monitor!K40 -> 1717.96
C15: Encargos Trabalhistas e Outros Custos | E15: =Monitor!K73+Monitor!K84+Monitor!K115 -> 1888.05 | F15: =Monitor!K73+Monitor!K84+Monitor!K115 -> 1888.05
C16: Mão de Obra Mensal (R$) | E16: =E10+E13 -> 11905.08 | F16: =F10+F13 -> 10883.36
C17: UNIFORMES | E17: Valor | F17: Valor
C18: Uniformes Motorista | E18: =ROUND(SUM('Dados de Entrada'!J17:J19)*2/12,2) -> 41.37 | F18: =ROUND(SUM('Dados de Entrada'!J17:J19)*2/12,2) -> 41.37
C19: Uniformes Monitor | E19: =ROUND(SUM('Dados de Entrada'!J21:J23)*2/12,2) -> 41.37 | F19: =ROUND(SUM('Dados de Entrada'!J21:J23)*2/12,2) -> 41.37
C20: Uniformes Mensal(R$) | E20: =E18+E19 -> 82.74 | F20: =F18+F19 -> 82.74
C21: LICENCIAMENTO, SEGUROS E TAXAS | E21: Valor | F21: Valor
C22: IPVA (apropriado ao longo de 12 meses) | E22: - | F22: -
C23: Licenciamento (apropriado ao longo de 12 meses) | E23: ='Dados de Entrada'!$O$22/12 -> 0 | F23: ='Dados de Entrada'!$O$22/12 -> 0
C24: Vistoria DETRAN - LIT (apropriado ao longo de 12 meses) | E24: ='Dados de Entrada'!O19/12 -> 35.218333 | F24: ='Dados de Entrada'!O19/12 -> 35.218333
C25: Vist. de ident. de veíc. pesado (aprop. ao longo de 12 meses) | E25: ='Dados de Entrada'!O20/12 -> 28.525 | F25: ='Dados de Entrada'!O20/12 -> 28.525
C26: Seguro de Resp. Civil (apropriado ao longo de 12 meses) | E26: ='Dados de Entrada'!$O$21/12 -> 126.51167 | F26: ='Dados de Entrada'!$O$21/12 -> 126.51167
C27: Licenciamento, Seguros e Taxas Mensal (R$) | E27: =ROUND(SUM(E22:E26),2) -> 190.26 | F27: =ROUND(SUM(F22:F26),2) -> 190.26
C28: CUSTOS COMPLEMENTARES | E28: Valor | F28: Valor
C29: Adesivagem | E29: =ROUND((E30*E31)/E32,2) -> 0.96 | F29: =ROUND((F30*F31)/F32,2) -> 0.96
D30: Preço do m² da adesivagem | E30: ='Dados de Entrada'!$O$23 -> 96.2 | F30: ='Dados de Entrada'!$O$23 -> 96.2
D31: Tamanho (em m²) da adesivagem por veículo | E31: =((0.6*0.2)*2) -> 0.24 | F31: =((0.6*0.2)*2) -> 0.24
D32: Tempo de Amortização | E32: 24 | F32: 24
C33: Lavagem (por mês de serviço) | E33: =ROUND(('Dados de Entrada'!O38*'Dados de Entrada'!O40)/12*10,2) -> 1162.33 | F33: =ROUND(('Dados de Entrada'!$O$39*'Dados de Entrada'!$O$40)/12*10,2) -> 785.1
C34: Tacógrafo (apropriado ao longo de 24 meses) | E34: =ROUND('Dados de Entrada'!$O$24/24,2) -> 7.23 | F34: =ROUND('Dados de Entrada'!$O$24/24,2) -> 7.23
C35: Equipamentos (valor mensal) | E35: =ROUND(SUM(E36:E38)/12,2) -> 125.08 | F35: =ROUND(SUM(F36:F38)/12,2) -> 125.08
D36: Celular (01 por ano) | E36: ='Dados de Entrada'!$O$26 -> 783.33 | F36: ='Dados de Entrada'!$O$26 -> 783.33
D37: Recarga para Celular (12 por ano) | E37: ='Dados de Entrada'!$O$27*12 -> 695.52 | F37: ='Dados de Entrada'!$O$27*12 -> 695.52
D38: Placa de Identificação ( 02 por ano) | E38: ='Dados de Entrada'!$O$28*2 -> 22.12 | F38: ='Dados de Entrada'!$O$28*2 -> 22.12
C40: Implementos Mensal (R$) | E40: =E33+E39+E29+E34+E35 -> 1295.6 | F40: =F33+F39+F29+F34+F35 -> 918.37
C41: CUSTOS FIXOS (sem BDI) | E41: =$E$16+$E$20+$E$27+$E$40 -> 13473.68 | F41: =F$16+F$20+F$27+F$40 -> 12074.73

Sheet CV_Comuns
C2: CUSTOS VARIÁVEIS COMUNS
C5: Custos Variáveis Valor de referência para custeio da distância percorrida em cada tipo de via (conforme projeto)
C8: ÔNIBUS | K8: ÔNIBUS CURTO 4 X 4 | S8: ÔNIBUS CURTO
C9: PNEUS | H9: Terreno Não Pavimentado | I9: Terreno Pavimentado | K9: PNEUS | P9: Terreno Não Pavimentado | Q9: Terreno Pavimentado | S9: PNEUS | X9: Terreno Não Pavimentado | Y9: Terreno Pavimentado
C11: Custo médio de um pneu 0km | H11: ='Dados de Entrada'!O8 -> 2080.99 | I11: ='Dados de Entrada'!O8 -> 2080.99 | K11: Custo médio de um pneu 0km | P11: ='Dados de Entrada'!O11 -> 722.66 | Q11: ='Dados de Entrada'!O11 -> 722.66 | S11: Custo médio de um pneu 0km | X11: ='Dados de Entrada'!O14 -> 889.33 | Y11: ='Dados de Entrada'!O14 -> 889.33
C12: Custo médio da recapagem do pneu | H12: ='Dados de Entrada'!O9 -> 823.33 | I12: ='Dados de Entrada'!O9 -> 823.33 | K12: Custo médio da recapagem do pneu | P12: ='Dados de Entrada'!O12 -> 458.33 | Q12: ='Dados de Entrada'!O12 -> 458.33 | S12: Custo médio da recapagem do pneu | X12: ='Dados de Entrada'!O15 -> 426.33 | Y12: ='Dados de Entrada'!O15 -> 426.33
C13: Vida útil média pneu 0km | H13: =I13/1.3 -> 46153.846 | I13: 60000 | K13: Vida útil média pneu 0km | P13: =Q13/1.3 -> 46153.846 | Q13: 60000 | S13: Vida útil média pneu 0km | X13: =Y13/1.3 -> 46153.846 | Y13: 60000
C14: Vida útil média pneu recapeado | H14: =H13/2 -> 23076.923 | I14: =I13/2 -> 30000 | K14: Vida útil média pneu recapeado | P14: =P13/2 -> 23076.923 | Q14: =Q13/2 -> 30000 | S14: Vida útil média pneu recapeado | X14: =X13/2 -> 23076.923 | Y14: =Y13/2 -> 30000
C15: Número de pneus | H15: 6 | I15: 6 | K15: Número de pneus | P15: 6 | Q15: 6 | S15: Número de pneus | X15: 6 | Y15: 6
C16: Pneus (R$/km) | H16: =ROUND(H15*(H11+2*H12)/(H13+2*H14),4) -> 0.2423 | I16: =ROUND(I15*(I11+2*I12)/(I13+2*I14),4) -> 0.1864 | K16: Pneus (R$/km) | P16: =ROUND(P15*(P11+2*P12)/(P13+2*P14),4) -> 0.1066 | Q16: =ROUND(Q15*(Q11+2*Q12)/(Q13+2*Q14),4) -> 0.082 | S16: Pneus (R$/km) | X16: =ROUND(X15*(X11+2*X12)/(X13+2*X14),4) -> 0.1132 | Y16: =ROUND(Y15*(Y11+2*Y12)/(Y13+2*Y14),4) -> 0.0871
C17: COMBUSTÍVEL | H17: Não Pavimentado | I17: Pavimentado | K17: COMBUSTÍVEL | P17: Não Pavimentado | Q17: Pavimentado | S17: COMBUSTÍVEL | X17: Não Pavimentado | Y17: Pavimentado
C18: Autonomia (km/l) | H18: =I18/1.05 -> 2.5238095 | I18: 2.65 | K18: Autonomia (km/l) | P18: =Q18/1.05 -> 3.8095238 | Q18: 4 | S18: Autonomia (km/l) | X18: =Y18/1.05 -> 3.8095238 | Y18: 4
C19: Preço Diesel | H19: ='Dados de Entrada'!O30 -> 6.15 | I19: ='Dados de Entrada'!O30 -> 6.15 | K19: Preço Diesel | P19: ='Dados de Entrada'!$O$30 -> 6.15 | Q19: ='Dados de Entrada'!$O$30 -> 6.15 | S19: Preço Diesel | X19: ='Dados de Entrada'!$O$30 -> 6.15 | Y19: ='Dados de Entrada'!$O$30 -> 6.15
C20: Consumo ARLA 32/l de Combustível | H20: 0.05 | I20: 0.05 | K20: Consumo ARLA 32/l de Combustível | P20: 0.05 | Q20: 0.05 | S20: Consumo ARLA 32/l de Combustível | X20: 0.05 | Y20: 0.05
C21: Preço ARLA 32 | H21: ='Dados de Entrada'!$O$31 -> 3.77 | I21: ='Dados de Entrada'!$O$31 -> 3.77 | K21: Preço ARLA 32 | P21: ='Dados de Entrada'!$O$31 -> 3.77 | Q21: ='Dados de Entrada'!$O$31 -> 3.77 | S21: Preço ARLA 32 | X21: ='Dados de Entrada'!$O$31 -> 3.77 | Y21: ='Dados de Entrada'!$O$31 -> 3.77
C22: Combustível + ARLA 32(R$/km) | H22: =ROUND((H19/H18)+((H21*H20)/H18),4) -> 2.5115 | I22: =ROUND((I19/I18)+((I21*I20)/I18),4) -> 2.3919 | K22: Combustível + ARLA 32(R$/km) | P22: =ROUND((P19/P18)+((P21*P20)/P18),4) -> 1.6639 | Q22: =ROUND((Q19/Q18)+((Q21*Q20)/Q18),4) -> 1.5846 | S22: Combustível + ARLA 32(R$/km) | X22: =ROUND((X19/X18)+((X21*X20)/X18),4) -> 1.6639 | Y22: =ROUND((Y19/Y18)+((Y21*Y20)/Y18),4) -> 1.5846
C23: LUBRIFICAÇÃO | H23: Não Pavimentado | I23: Pavimentado | K23: LUBRIFICAÇÃO | P23: Não Pavimentado | Q23: Pavimentado | S23: LUBRIFICAÇÃO | X23: Não Pavimentado | Y23: Pavimentado
D24: Coeficiente | F24: Preço do Litro | H24: R$/km | I24: R$/km | L24: Coeficiente | N24: Preço do Litro | P24: R$/km | Q24: R$/km | T24: Coeficiente | V24: Preço do Litro | X24: R$/km | Y24: R$/km
C25: Óleo do motor | D25: 0.0019 | F25: ='Dados de Entrada'!$O32 -> 48.13 | H25: =D25*F25*1.3 -> 0.1188811 | I25: =D25*F25 -> 0.091447 | K25: Óleo do motor | L25: 0.0011 | N25: ='Dados de Entrada'!$O32 -> 48.13 | P25: =L25*N25*1.3 -> 0.0688259 | Q25: =L25*N25 -> 0.052943 | S25: Óleo do motor | T25: 0.0011 | V25: ='Dados de Entrada'!$O32 -> 48.13 | X25: =T25*V25*1.3 -> 0.0688259 | Y25: =T25*V25 -> 0.052943
C26: Óleo de caixa | D26: 0.00048 | F26: ='Dados de Entrada'!$O33 -> 38.39 | H26: =D26*F26*1.3 -> 0.02395536 | I26: =D26*F26 -> 0.0184272 | K26: Óleo de caixa | L26: 0.0004 | N26: ='Dados de Entrada'!$O33 -> 38.39 | P26: =L26*N26*1.3 -> 0.0199628 | Q26: =L26*N26 -> 0.015356 | S26: Óleo de caixa | T26: 0.0004 | V26: ='Dados de Entrada'!$O33 -> 38.39 | X26: =T26*V26*1.3 -> 0.0199628 | Y26: =T26*V26 -> 0.015356
C27: Óleo de diferencial | D27: 0.00044 | F27: ='Dados de Entrada'!$O34 -> 40 | H27: =D27*F27*1.3 -> 0.02288 | I27: =D27*F27 -> 0.0176 | K27: Óleo de diferencial | L27: 0.0002 | N27: ='Dados de Entrada'!$O34 -> 40 | P27: =L27*N27*1.3 -> 0.0104 | Q27: =L27*N27 -> 0.008 | S27: Óleo de diferencial | T27: 0.0002 | V27: ='Dados de Entrada'!$O34 -> 40 | X27: =T27*V27*1.3 -> 0.0104 | Y27: =T27*V27 -> 0.008
C28: Fluído de freio | D28: 2e-05 | F28: ='Dados de Entrada'!$O35 -> 40.17 | H28: =D28*F28*1.3 -> 0.00104442 | I28: =D28*F28 -> 0.0008034 | K28: Fluído de freio | L28: 4e-05 | N28: ='Dados de Entrada'!$O35 -> 40.17 | P28: =L28*N28*1.3 -> 0.00208884 | Q28: =L28*N28 -> 0.0016068 | S28: Fluído de freio | T28: 4e-05 | V28: ='Dados de Entrada'!$O35 -> 40.17 | X28: =T28*V28*1.3 -> 0.00208884 | Y28: =T28*V28 -> 0.0016068
C29: Graxa | D29: 6e-05 | F29: ='Dados de Entrada'!$O36 -> 33.4 | H29: =D29*F29*1.3 -> 0.0026052 | I29: =D29*F29 -> 0.002004 | K29: Graxa | L29: 3e-05 | N29: ='Dados de Entrada'!$O36 -> 33.4 | P29: =L29*N29*1.3 -> 0.0013026 | Q29: =L29*N29 -> 0.001002 | S29: Graxa | T29: 3e-05 | V29: ='Dados de Entrada'!$O36 -> 33.4 | X29: =T29*V29*1.3 -> 0.0013026 | Y29: =T29*V29 -> 0.001002
C30: Lubrificantes (R$/km) | H30: =ROUND(SUM(H25:H29),4) -> 0.1694 | I30: =ROUND(SUM(I25:I29),4) -> 0.1303 | K30: Lubrificantes (R$/km) | P30: =ROUND(SUM(P25:P29),4) -> 0.1026 | Q30: =ROUND(SUM(Q25:Q29),4) -> 0.0789 | S30: Lubrificantes (R$/km) | X30: =ROUND(SUM(X25:X29),4) -> 0.1026 | Y30: =ROUND(SUM(Y25:Y29),4) -> 0.0789
C31: CUSTO QUILOMÉTRICO | H31: Não Pavimentado | I31: Pavimentado | K31: CUSTO QUILOMÉTRICO | P31: Não Pavimentado | Q31: Pavimentado | S31: CUSTO QUILOMÉTRICO | X31: Não Pavimentado | Y31: Pavimentado
C32: Custo Pneus/km | H32: =H16 -> 0.2423 | I32: =I16 -> 0.1864 | K32: Custo Pneus/km | P32: =P16 -> 0.1066 | Q32: =Q16 -> 0.082 | S32: Custo Pneus/km | X32: =X16 -> 0.1132 | Y32: =Y16 -> 0.0871
C33: Custo Combustível/km | H33: =H22 -> 2.5115 | I33: =I22 -> 2.3919 | K33: Custo Combustível/km | P33: =P22 -> 1.6639 | Q33: =Q22 -> 1.5846 | S33: Custo Combustível/km | X33: =X22 -> 1.6639 | Y33: =Y22 -> 1.5846
C34: Custo Lubrificação/km | H34: =H30 -> 0.1694 | I34: =I30 -> 0.1303 | K34: Custo Lubrificação/km | P34: =P30 -> 0.1026 | Q34: =Q30 -> 0.0789 | S34: Custo Lubrificação/km | X34: =X30 -> 0.1026 | Y34: =Y30 -> 0.0789
C35: CUSTO QUILOMÉTRICO (sem BDI) | H35: =SUM(H32:H34) -> 2.9232 | I35: =SUM(I32:I34) -> 2.7086 | K35: CUSTO QUILOMÉTRICO (sem BDI) | P35: =SUM(P32:P34) -> 1.8731 | Q35: =SUM(Q32:Q34) -> 1.7455 | S35: CUSTO QUILOMÉTRICO (sem BDI) | X35: =SUM(X32:X34) -> 1.8797 | Y35: =SUM(Y32:Y34) -> 1.7506

Sheet Motorista
C2: CUSTOS DE MÃO DE OBRA - MOTORISTAS
C4: Discriminação dos Serviços
C5: A | D5: Data de apresentação da proposta | K5: Motorista de ônibus | L5: Motorista de Ônibus Curto
C6: B | D6: Município | K6: Gravataí - RS | L6: Gravataí - RS
C7: C | D7: Ano do Acordo, Convenção ou Dissídio Coletivo | K7: 2026/2027 | L7: 2026/2027
D8: Sindicato | E8: Sindimetropolitano | F8: Registro CTC no TEM
C9: D | D9: Nº de meses de execução contratual | K9: 12 | L9: 12
C10: E | D10: Número de dias trabalhandos por semana (segunda a sexta-feira) | K10: 5 | L10: 5
C11: F | D11: Média de dias trabalhandos por mês | K11: =NETWORKDAYS('Dados de Entrada'!E9,EDATE('Dados de Entrada'!E9,12),BD!$D$13:$D$45)/12 -> 20.75 | L11: =NETWORKDAYS('Dados de Entrada'!E9,EDATE('Dados de Entrada'!E9,12),BD!$D$13:$D$45)/12 -> 20.75
C12: G | D12: Média de horas mensais | K12: 220 | L12: 220
C13: H | D13: Valor vale alimentação mensal | K13: 869 | L13: 869
C14: I | D14: Desconto do vale alimentação sobre o prórpio VA | K14: 0.2 | L14: 0.2
C15: J | D15: Valor vale transporte | K15: 8.5 | L15: 8.5
C16: K | D16: Desconto do vale transporte sobre o salário | K16: 0.06 | L16: 0.06
C17: L | D17: Quantidade de VT por dia | K17: 2 | L17: 2
C18: M | D18: Assistência Médica e Familiar | K18: =241.46 -> 241.46 | L18: =241.46 -> 241.46
C19: N | D19: Cesta Básica | K19: =222.6/0.8 -> 278.25 | L19: =222.6/0.8 -> 278.25
C20: O | D20: Participação do empregado novalor da Cesta Básica - Cláusula 14ª CCT 2025/2026 | K20: 0.2 | L20: 0.2
C21: P | D21: Seguro de vida, invelidez e funeral
C22: Q
C24: Dados para composição dos custos referentes à mão-de-obra
C25: 1 | D25: Tipo de serviço | K25: Transporte | L25: Transporte
C26: 2 | D26: Classificação Brasileira de Ocupações (CBO) | K26: 7823 | L26: 7823
C27: 3 | D27: Salário Nominativo da Categoria Profissional | K27: ='Dados de Entrada'!J8 -> 3968.15 | L27: ='Dados de Entrada'!$J10 -> 3370.78
C28: 4 | D28: Categoria profissional (vinculada à execução contratual) | K28: Motorista | L28: Motorista
C29: 5 | D29: Data base da categoria (dia/mês/ano) | K29: 46174 | L29: 46174
C31: MÓDULO 1 - COMPOSIÇÃO DA REMUNERAÇÃO
C32: 1 | D32: COMPOSIÇÃO DA REMUNERAÇÃO | J32: % | K32: VALOR (R$) | L32: VALOR (R$)
C33: A | D33: Salário | K33: =K27 -> 3968.15 | L33: =L27 -> 3370.78
C34: B | D34: Adicional Periculosidade | K34: 0 | L34: 0
C35: C | D35: Adicional Insalubridade
C36: D | D36: Hora Extra 50% | K36: =$J36*(((K33+K35)/220)*1.5) -> 0 | L36: =$J36*(((L33+L35)/220)*1.5) -> 0
C37: E | D37: Hora Extra 100%
C38: F | D38: DSR (Desanso Semanal Remunerado) | H38: =TRUNC((((251+53))/12),2) -> 25.33 | I38: =(365.25/12)-H38 -> 5.1075 | K38: =K36/$H38*$I38 -> 0 | L38: =L36/$H38*$I38 -> 0
C39: G | D39: Adicional Noturno | K39: 0 | L39: 0
C40: H
C41: TOTAL DO MÓDULO 1 | K41: =TRUNC(SUM(K33:K40),2) -> 3968.15 | L41: =TRUNC(SUM(L33:L40),2) -> 3370.78
C43: MÓDULO 2 – ENCARGOS E BENEFÍCIOS ANUAIS, MENSAIS E DIÁRIOS
C44: Submódulo 2.1 - 13º Salário, Férias e Adicional de Férias | J44: % | K44: VALOR (R$) | L44: VALOR (R$)
C45: A | D45: 13 (Décimo-terceiro) salário | J45: 0.0833 | K45: =$K$41*$J45 -> 330.5469 | L45: =$L$41*$J45 -> 280.78597
C46: B | D46: Férias e Adicional de Férias | J46: =8.33%+2.778% -> 0.11108 | K46: =$J46*K41 -> 440.7821 | L46: =$J46*L41 -> 374.42624
C47: TOTAL SUBMÓDULO 2.1 | J47: =TRUNC(SUM(J45:J46),4) -> 0.1943 | K47: =TRUNC(SUM(K45:K46),2) -> 771.32 | L47: =TRUNC(SUM(L45:L46),2) -> 655.21
C49: Submódulo 2.2 - GPS, FGTS e Outras Contribuições | J49: % | K49: VALOR (R$) | L49: VALOR (R$)
C50: A | D50: INSS | J50: 0.2 | K50: =$J50*(K41+K47) -> 947.894 | L50: =$J50*(L41+L47) -> 805.198
C51: B | D51: Salário Educação | J51: 0.025 | K51: =$J51*(K41+K47) -> 118.48675 | L51: =$J51*(L41+L47) -> 100.64975
C52: C | D52: SAT (Seguro Acidente de Trabalho) | G52: RAT/FAP | H52: 0.03 | I52: 2 | J52: =I52*H52 -> 0.06 | K52: =$J52*(K41+K47) -> 284.3682 | L52: =$J52*(L41+L47) -> 241.5594
C53: D | D53: SESC ou SESI | J53: 0.015 | K53: =$J53*(K41+K47) -> 71.09205 | L53: =$J53*(L41+L47) -> 60.38985
C54: E | D54: SENAI - SENAC | J54: 0.01 | K54: =$J54*(K41+K47) -> 47.3947 | L54: =$J54*(L41+L47) -> 40.2599
C55: F | D55: SEBRAE | J55: 0.006 | K55: =$J55*(K41+K47) -> 28.43682 | L55: =$J55*(L41+L47) -> 24.15594
C56: G | D56: INCRA | J56: 0.002 | K56: =$J56*(K41+K47) -> 9.47894 | L56: =$J56*(L41+L47) -> 8.05198
C57: H | D57: FGTS | J57: 0.08 | K57: =$J57*(K41+K47) -> 379.1576 | L57: =$J57*(L41+L47) -> 322.0792
C58: TOTAL SUBMÓDULO 2.2 | J58: =SUM(J50:J57) -> 0.398 | K58: =TRUNC(SUM(K50:K57),2) -> 1886.3 | L58: =TRUNC(SUM(L50:L57),2) -> 1602.34
C60: Submódulo 2.3 - Benefícios Mensais e Diários | K60: VALOR (R$) | L60: VALOR (R$)
C61: A | D61: Transporte | J61: - | K61: =IF((K15*K17*K11)-(K33*K16)<0,0,(K15*K17*K11)-(K33*K16)) -> 114.661 | L61: =IF((L15*L17*L11)-(L33*L16)<0,0,(L15*L17*L11)-(L33*L16)) -> 150.5032
C62: B | D62: Auxílio-Refeição/Alimentação | J62: - | K62: =(K13-(K13*K14)) -> 695.2 | L62: =(L13-(L13*L14)) -> 695.2
C63: C | D63: Assistência Médica e Familiar | J63: - | K63: =K18 -> 241.46 | L63: =L18 -> 241.46
C64: D | D64: Cesta Básica | J64: - | K64: =(K19-(K19*K20)) -> 222.6 | L64: =(L19-(L19*L20)) -> 222.6
C65: E | D65: Seguro de vida, invelidez e funeral | J65: - | K65: =K21 -> 0 | L65: =L21 -> 0
C66: F
C67: TOTAL SUBMÓDULO 2.3 | K67: =TRUNC(SUM(K61:K66),2) -> 1273.92 | L67: =TRUNC(SUM(L61:L66),2) -> 1309.76
C69: QUADRO-RESUMO DO MÓDULO 2 - ENCARGOS, BENEFÍCIOS ANUAIS, MENSAIS E DIÁRIOS
C70: Módulo 2 - Encargos, Benefícios Anuais, Mensais e Diários | K70: VALOR (R$) | L70: VALOR (R$)
C71: 2.1 | D71: 13º Salário, Férias e Adicional de Férias | K71: =K47 -> 771.32 | L71: =L47 -> 655.21
C72: 2.2 | D72: GPS, FGTS e Outras Contribuições | K72: =K58 -> 1886.3 | L72: =L58 -> 1602.34
C73: 2.3 | D73: Benefícios Mensais e Diários | K73: =K67 -> 1273.92 | L73: =L67 -> 1309.76
C74: TOTAL DO MÓDULO 2 | K74: =TRUNC(SUM(K71:K73),2) -> 3931.54 | L74: =TRUNC(SUM(L71:L73),2) -> 3567.31
C76: MÓDULO 3 – PROVISÃO PARA RESCISÃO
C77: 3 | D77: PROVISÃO PARA RESCISÃO | J77: % | K77: VALOR (R$) | L77: VALOR (R$)
C78: A | D78: Aviso Prévio Indenizado | J78: 0.0042 | K78: =$K$41*$J78 -> 16.66623 | L78: =$L$41*$J78 -> 14.157276
C79: B | D79: Incidência do FGTS sobre Aviso Prévio Indenizado | J79: =0.08*J78 -> 0.000336 | K79: =$K$41*$J79 -> 1.3332984 | L79: =$L$41*$J79 -> 1.1325821
C80: C | D80: Multa do FGTS sobre o saldo rescisório acumulado de FGTS | J80: 0.0344 | K80: =$K$41*$J80 -> 136.50436 | L80: =$L$41*$J80 -> 115.95483
C81: D | D81: Aviso Prévio Trabalhado | J81: 0.0194 | K81: =$K$41*$J81 -> 76.98211 | L81: =$L$41*$J81 -> 65.393132
C82: E | D82: Incidência dos encargos do submódulo 2.2 sobre Aviso Prévio Trabalhado | J82: =J58*J81 -> 0.0077212 | K82: =$K$41*$J82 -> 30.63888 | L82: =$L$41*$J82 -> 26.026467
C83: F | D83: Multa do FGTS sobre o Aviso Prévio Trabalhado. | J83: =0.4*0.08*J81 -> 0.0006208 | K83: =$K$41*$J83 -> 2.4634275 | L83: =$L$41*$J83 -> 2.0925802
C84: G | D84: Proporcional de férias, 1/3 e 13º s/ provisão para rescisão | J84: =(SUM(J78,J81)*((1/12)+(1/12)+(1/3*1/12))) -> 0.0045888889 | K84: =K41*$J84 -> 18.209399 | L84: =L41*$J84 -> 15.468135
C85: TOTAL DO MÓDULO 3 | J85: =TRUNC(SUM(J78:J84),4) -> 0.0712 | K85: =TRUNC(SUM(K78:K84),2) -> 282.79 | L85: =TRUNC(SUM(L78:L84),2) -> 240.22
C87: MÓDULO 4 – CUSTO DE REPOSIÇÃO DO PROFISSIONAL AUSENTE
C88: Submódulo 4.1 - Ausências Legais | J88: % | K88: VALOR (R$) | L88: VALOR (R$)
C89: A | D89: Férias (Valor referente ao substituto nas férias) | J89: 0 | K89: =K41*$J89 -> 0 | L89: =L41*$J89 -> 0
C90: B | D90: Ausência por Doença | J90: 0.0139 | K90: =K41*$J90 -> 55.157285 | L90: =L41*$J90 -> 46.853842
C91: C | D91: Ausências Legais | J91: 0.0028 | K91: =K41*$J91 -> 11.11082 | L91: =L41*$J91 -> 9.438184
C92: D | D92: Licença Paternidade | J92: =(53334/1591261)*5/360 -> 0.00046551131 | K92: =K41*$J92 -> 1.8472187 | L92: =L41*$J92 -> 1.5691362
C93: E | D93: Ausência por Acidente de Trabalho | J93: 0.0007 | K93: =K41*$J93 -> 2.777705 | L93: =L41*$J93 -> 2.359546
C94: F | D94: Afastamento Maternidade | J94: =0.1111*(1366360/2957621)*(53334/1366360)*(4/12) -> 0.00066781234 | K94: =K41*$J94 -> 2.6499795 | L94: =L41*$J94 -> 2.2510485
C95: G
C96: TOTAL SUBMÓDULO 4.1 | J96: =TRUNC(SUM(J89:J95),4) -> 0.0185 | K96: =TRUNC(SUM(K89:K95),2) -> 73.54 | L96: =TRUNC(SUM(L89:L95),2) -> 62.47
C98: Submódulo 4.2 - Proporcial de férias, 1/3 e 13º s/ custo de reposição
C99: A | D99: Proporcional de férias, 1/3 e 13º s/ custo de reposição | J99: =(SUM(J89:J94)-J94)*((1/12)+(1/12)+(1/3*1/12)) -> 0.0034738494 | K99: =$K$41*$J99 -> 13.784756 | L99: =$L$41*$J99 -> 11.709582
C100: TOTAL SUBMÓDULO 4.2 | J100: =J99 -> 0.0034738494 | K100: =K99 -> 13.784756 | L100: =L99 -> 11.709582
C102: Submódulo 4.3 - Incidência do submódulo 2.2 s/ custo de reposição
C103: A | D103: Incidência do submódulo 2.2 s/ custo de reposição | J103: =SUM(J89:J94)*J58 -> 0.0073762628 | K103: =$K$41*$J103 -> 29.270117 | L103: =$L$41*$J103 -> 24.863759
C104: TOTAL SUBMÓDULO 4.3 | J104: =J103 -> 0.0073762628 | K104: =K103 -> 29.270117 | L104: =L103 -> 24.863759
C106: QUADRO-RESUMO DO MÓDULO 4 - CUSTO DE REPOSIÇÃO DO PROFISSIONAL AUSENTE
C107: Módulo 4 - Custo de Reposição do Profissional Ausente | K107: VALOR (R$) | L107: VALOR (R$)
C108: 4.1 | D108: Ausências Legais | K108: =K96 -> 73.54 | L108: =L96 -> 62.47
C109: 4.2 | D109: Proporcional de férias, 1/3 e 13º s/ custo de reposição | K109: =K100 -> 13.784756 | L109: =L100 -> 11.709582
C110: 4.3 | D110: Incidência do submódulo 2.2 s/ custo de reposição | K110: =K104 -> 29.270117 | L110: =L104 -> 24.863759
C111: TOTAL DO MÓDULO 4 | K111: =TRUNC(SUM(K108:K110),2) -> 116.59 | L111: =TRUNC(SUM(L108:L110),2) -> 99.04
C113: TOTAL GERAL | K113: =SUM(K41,K74,K85,K111) -> 8299.07 | L113: =SUM(L41,L74,L85,L111) -> 7277.35

Sheet Monitor
C2: CUSTOS DE MÃO DE OBRA - MONITORES
C4: Discriminação dos Serviços
C5: A | D5: Data de apresentação da proposta
C6: B | D6: Município | K6: Gravataí - RS
C7: C | D7: Ano do Acordo, Convenção ou Dissídio Coletivo | K7: 2026/2027
D8: Sindicato | F8: Registro CTC no TEM
C9: D | D9: Nº de meses de execução contratual | K9: 12
C10: E | D10: Número de dias trabalhandos por semana (segunda a sexta-feira) | K10: 5
C11: F | D11: Média de dias trabalhandos por mês | K11: =NETWORKDAYS('Dados de Entrada'!E9,EDATE('Dados de Entrada'!E9,12),BD!$D$13:$D$45)/12 -> 20.75
C12: G | D12: Média de horas mensais | K12: 220
C13: H | D13: Valor vale alimentação diário | K13: =18.97 -> 18.97
C14: I | D14: Desconto do vale alimentação sobre o prórpio VA | K14: 0.2
C15: J | D15: Valor vale transporte | K15: 8.5
C16: K | D16: Desconto do vale transporte sobre o salário | K16: 0.06
C17: L | D17: Quantidade de VT por dia | K17: 2
C18: M | D18: Assistência Médica e Familiar
C19: N | D19: Cesta Básica
C20: O | D20: Seguro de vida, invelidez e funeral
C21: P
C23: Dados para composição dos custos referentes à mão-de-obra
C24: 1 | D24: Tipo de serviço | K24: Monitoria - D
C25: 2 | D25: Classificação Brasileira de Ocupações (CBO) | K25: 3311-10
C26: 3 | D26: Salário Nominativo da Categoria Profissional | K26: ='Dados de Entrada'!J12 -> 1717.96
C27: 4 | D27: Categoria profissional (vinculada à execução contratual) | K27: Monitor
C28: 5 | D28: Data base da categoria (dia/mês/ano) | K28: 45017
C30: MÓDULO 1 - COMPOSIÇÃO DA REMUNERAÇÃO
C31: 1 | D31: COMPOSIÇÃO DA REMUNERAÇÃO | J31: % | K31: VALOR (R$)
C32: A | D32: Salário | K32: =K26 -> 1717.96
C33: B | D33: Adicional Periculosidade | K33: 0
C34: C | D34: Adicional Insalubridade
C35: D | D35: Hora Extra 50% | K35: =J35*(((K32+K34)/220)*1.5) -> 0
C36: E | D36: Hora Extra 100%
C37: F | D37: DSR (Desanso Semanal Remunerado) | G37: =TRUNC((((251+53))/12),2) -> 25.33 | H37: =(365.25/12)-G37 -> 5.1075 | K37: =K35/G37*H37 -> 0
C38: G | D38: Adicional Noturno | K38: 0
C39: H
C40: TOTAL DO MÓDULO 1 | K40: =TRUNC(SUM(K32:K39),2) -> 1717.96
C42: MÓDULO 2 – ENCARGOS E BENEFÍCIOS ANUAIS, MENSAIS E DIÁRIOS
C43: Submódulo 2.1 - 13º Salário, Férias e Adicional de Férias | J43: % | K43: VALOR (R$)
C44: A | D44: 13 (Décimo-terceiro) salário | J44: 0.0833 | K44: =$K$40*J44 -> 143.10607
C45: B | D45: Férias e Adicional de Férias | J45: =8.33%+2.778% -> 0.11108 | K45: =J45*K40 -> 190.831
C46: TOTAL SUBMÓDULO 2.1 | J46: =TRUNC(SUM(J44:J45),4) -> 0.1943 | K46: =TRUNC(SUM(K44:K45),2) -> 333.93
C48: Submódulo 2.2 - GPS, FGTS e Outras Contribuições | J48: % | K48: VALOR (R$)
C49: A | D49: INSS | J49: 0.2 | K49: =J49*($K$40+$K$46) -> 410.378
C50: B | D50: Salário Educação | J50: 0.025 | K50: =J50*($K$40+$K$46) -> 51.29725
C51: C | D51: SAT (Seguro Acidente de Trabalho) | G51: RAT/FAP | H51: 0.03 | I51: 2 | J51: =I51*H51 -> 0.06 | K51: =J51*($K$40+$K$46) -> 123.1134
C52: D | D52: SESC ou SESI | J52: 0.015 | K52: =J52*($K$40+$K$46) -> 30.77835
C53: E | D53: SENAI - SENAC | J53: 0.01 | K53: =J53*($K$40+$K$46) -> 20.5189
C54: F | D54: SEBRAE | J54: 0.006 | K54: =J54*($K$40+$K$46) -> 12.31134
C55: G | D55: INCRA | J55: 0.002 | K55: =J55*($K$40+$K$46) -> 4.10378
C56: H | D56: FGTS | J56: 0.08 | K56: =J56*($K$40+$K$46) -> 164.1512
C57: TOTAL SUBMÓDULO 2.2 | J57: =SUM(J49:J56) -> 0.398 | K57: =TRUNC(SUM(K49:K56),2) -> 816.65
C59: Submódulo 2.3 - Benefícios Mensais e Diários | K59: VALOR (R$)
C60: A | D60: Transporte | J60: - | K60: =IF((K15*K17*K11)-(K32*K16)<0,0,(K15*K17*K11)-(K32*K16)) -> 249.6724
C61: B | D61: Auxílio-Refeição/Alimentação | J61: - | K61: =(K13*K11-((K13*K11)*K14)) -> 314.902
C62: C | D62: Assistência Médica e Familiar | J62: - | K62: =K18 -> 0
C63: D | D63: Cesta Básica | J63: - | K63: =K19 -> 0
C64: E | D64: Seguro de vida, invelidez e funeral | J64: - | K64: =K20 -> 0
C65: F
C66: TOTAL SUBMÓDULO 2.3 | K66: =TRUNC(SUM(K60:K65),2) -> 564.57
C68: QUADRO-RESUMO DO MÓDULO 2 - ENCARGOS, BENEFÍCIOS ANUAIS, MENSAIS E DIÁRIOS
C69: Módulo 2 - Encargos, Benefícios Anuais, Mensais e Diários | K69: VALOR (R$)
C70: 2.1 | D70: 13º Salário, Férias e Adicional de Férias | K70: =K46 -> 333.93
C71: 2.2 | D71: GPS, FGTS e Outras Contribuições | K71: =K57 -> 816.65
C72: 2.3 | D72: Benefícios Mensais e Diários | K72: =K66 -> 564.57
C73: TOTAL DO MÓDULO 2 | K73: =TRUNC(SUM(K70:K72),2) -> 1715.15
C75: MÓDULO 3 – PROVISÃO PARA RESCISÃO
C76: 3 | D76: PROVISÃO PARA RESCISÃO | J76: % | K76: VALOR (R$)
C77: A | D77: Aviso Prévio Indenizado | J77: 0.0042 | K77: =$K$40*J77 -> 7.215432
C78: B | D78: Incidência do FGTS sobre Aviso Prévio Indenizado | J78: =0.08*J77 -> 0.000336 | K78: =J78*K40 -> 0.57723456
C79: C | D79: Multa do FGTS sobre o saldo rescisório acumulado de FGTS | J79: 0.0344 | K79: =$K$40*J79 -> 59.097824
C80: D | D80: Aviso Prévio Trabalhado | J80: 0.0194 | K80: =$K$40*J80 -> 33.328424
C81: E | D81: Incidência dos encargos do submódulo 2.2 sobre Aviso Prévio Trabalhado | J81: =J57*J80 -> 0.0077212 | K81: =$K$40*J81 -> 13.264713
C82: F | D82: Multa do FGTS sobre o Aviso Prévio Trabalhado. | J82: =0.4*0.08*J80 -> 0.0006208 | K82: =$K$40*J82 -> 1.0665096
C83: G | D83: Proporcional de férias, 1/3 e 13º s/ provisão para rescisão | J83: =(SUM(J77,J80)*((1/12)+(1/12)+(1/3*1/12))) -> 0.0045888889 | K83: =K40*J83 -> 7.8835276
C84: TOTAL DO MÓDULO 3 | J84: =TRUNC(SUM(J77:J83),4) -> 0.0712 | K84: =TRUNC(SUM(K77:K83),2) -> 122.43
C86: MÓDULO 4 – CUSTO DE REPOSIÇÃO DO PROFISSIONAL AUSENTE
C87: Submódulo 4.1 - Ausências Legais | J87: % | K87: VALOR (R$)
C88: A | D88: Férias (Valor referente ao substituto nas férias) | J88: 0 | K88: =K40*J88 -> 0
C89: B | D89: Ausência por Doença | J89: 0.0139 | K89: =K40*J89 -> 23.879644
C90: C | D90: Ausências Legais | J90: 0.0028 | K90: =K40*J90 -> 4.810288
C91: D | D91: Licença Paternidade | J91: =(53334/1591261)*5/360 -> 0.00046551131 | K91: =K40*J91 -> 0.79972982
C92: E | D92: Ausência por Acidente de Trabalho | J92: 0.0007 | K92: =K40*J92 -> 1.202572
C93: F | D93: Afastamento Maternidade | J93: =0.1111*(1366360/2957621)*(53334/1366360)*(4/12) -> 0.00066781234 | K93: =K40*J93 -> 1.1472749
C94: G
C95: TOTAL SUBMÓDULO 4.1 | J95: =TRUNC(SUM(J88:J94),4) -> 0.0185 | K95: =TRUNC(SUM(K88:K94),2) -> 31.83
C97: Submódulo 4.2 - Proporcial de férias, 1/3 e 13º s/ custo de reposição
C98: A | D98: PROPORCIONAL DE FÉRIAS, 1/3 E 13º S/ CUSTO DE REPOSIÇÃO | J98: =(SUM(J88:J93)-J93)*((1/12)+(1/12)+(1/3*1/12)) -> 0.0034738494 | K98: =$K$40*J98 -> 5.9679344
C99: TOTAL SUBMÓDULO 4.2 | J99: =J98 -> 0.0034738494 | K99: =K98 -> 5.9679344
C101: Submódulo 4.3 - Incidência do submódulo 2.2 s/ custo de reposição
C102: A | D102: INCIDÊNCIA DO SUBMÓDULO 2.2 SOBRE O CUSTO DE REPOSIÇÃO | J102: =SUM(J88:J93)*J57 -> 0.0073762628 | K102: =$K$40*J102 -> 12.672124
C103: TOTAL SUBMÓDULO 4.3 | J103: =J102 -> 0.0073762628 | K103: =K102 -> 12.672124
C105: Submódulo 4.4 - Intrajornada | J105: % | K105: VALOR (R$)
C106: A | D106: Intervalo para Repouso ou Alimentação | J106: 0 | K106: =$K$40*J106 -> 0
C107: TOTAL SUBMÓDULO 4.4 | J107: =TRUNC(SUM(J106),4) -> 0 | K107: =TRUNC(SUM(K106),2) -> 0
C109: QUADRO-RESUMO DO MÓDULO 4 - CUSTO DE REPOSIÇÃO DO PROFISSIONAL AUSENTE
C110: Módulo 4 - Custo de Reposição do Profissional Ausente | K110: VALOR (R$)
C111: 4.1 | D111: Ausências Legais | K111: =K95 -> 31.83
C112: 4.2 | D112: Proporcional de férias, 1/3 e 13º s/ custo de reposição | K112: =K99 -> 5.9679344
C113: 4.3 | D113: Incidência do submódulo 2.2 s/ custo de reposição | K113: =K103 -> 12.672124
C114: 4.2 | D114: Intrajornada | K114: =K107 -> 0
...

Sheet Depreciação e Inflação
A1: ÔNIBUS
A2: Y = -0,0200788202748401 +0,691025454662637/X -1,84853650131968/X^2 +1,33466828255716/X^3
A4: ÔNIBUS CURTO
A5: Y = 0,070580632761148 -0,175867025361679/X +0,160146777920703/X^2 +0,100712622149732/X^3
A7: VANS
A8: Y = 0,00635637852668087 +0,0712542999950912/X -0,296774990294309/X^2 +0,363971017624909/X^3
A10: CAMINHONETES 4X4
A11: Y = -0,00979051298763459 +0,221255936772184/X -0,334738921178068/X^2 +0,246636120348609/X^3
B13: Ônibus | G13: Ônibus Curto
B14: Idade | C14: Variação FIPE | D14: Taxa de. Depreciação | E14: Fator | G14: Idade | H14: Variação FIPE | I14: Taxa de. Depreciação | J14: Fator
B15: 0 | C15: =-0.0200788202748401 +0.691025454662637/(B15+1) -1.84853650131968/(B15+1)^2 +1.33466828255716/(B15+1)^3 -> 0.15707842 | D15: {=IF((((10-B15)/SUM(10-(ROW(INDIRECT("1:"&10))-1)))*(1-0.15))<0,0,((10-B15)/SUM(10-(ROW(INDIRECT("1:"&10))-1)))*(1-0.15))} -> 0.15454545 | E15: =E16/(1-C15) -> 2.1425438 | G15: 0 | H15: =0.070580632761148 -0.175867025361679/(G15+1) +0.160146777920703/(G15+1)^2 +0.100712622149732/(G15+1)^3 -> 0.15557301 | I15: {=IF((((10-G15)/SUM(10-(ROW(INDIRECT("1:"&10))-1)))*(1-0.15))<0,0,((10-G15)/SUM(10-(ROW(INDIRECT("1:"&10))-1)))*(1-0.15))} -> 0.15454545 | J15: =J16/(1-H15) -> 3.3105398
B16: 1 | C16: =-0.0200788202748401 +0.691025454662637/(B16+1) -1.84853650131968/(B16+1)^2 +1.33466828255716/(B16+1)^3 -> 0.030133317 | D16: {=IF((((10-B16)/SUM(10-(ROW(INDIRECT("1:"&10))-1)))*(1-0.15))<0,0,((10-B16)/SUM(10-(ROW(INDIRECT("1:"&10))-1)))*(1-0.15))} -> 0.13909091 | E16: =E17/(1-C16) -> 1.8059964 | G16: 1 | H16: =0.070580632761148 -0.175867025361679/(G16+1) +0.160146777920703/(G16+1)^2 +0.100712622149732/(G16+1)^3 -> 0.035272892 | I16: {=IF((((10-G16)/SUM(10-(ROW(INDIRECT("1:"&10))-1)))*(1-0.15))<0,0,((10-G16)/SUM(10-(ROW(INDIRECT("1:"&10))-1)))*(1-0.15))} -> 0.13909091 | J16: =J17/(1-H16) -> 2.7955091
B17: 2 | C17: =-0.0200788202748401 +0.691025454662637/(B17+1) -1.84853650131968/(B17+1)^2 +1.33466828255716/(B17+1)^3 -> 0.054302212 | D17: {=IF((((10-B17)/SUM(10-(ROW(INDIRECT("1:"&10))-1)))*(1-0.15))<0,0,((10-B17)/SUM(10-(ROW(INDIRECT("1:"&10))-1)))*(1-0.15))} -> 0.12363636 | E17: =E18/(1-C17) -> 1.7515757 | G17: 2 | H17: =0.070580632761148 -0.175867025361679/(G17+1) +0.160146777920703/(G17+1)^2 +0.100712622149732/(G17+1)^3 -> 0.033482475 | I17: {=IF((((10-G17)/SUM(10-(ROW(INDIRECT("1:"&10))-1)))*(1-0.15))<0,0,((10-G17)/SUM(10-(ROW(INDIRECT("1:"&10))-1)))*(1-0.15))} -> 0.12363636 | J17: =J18/(1-H17) -> 2.6969035
B18: 3 | C18: =-0.0200788202748401 +0.691025454662637/(B18+1) -1.84853650131968/(B18+1)^2 +1.33466828255716/(B18+1)^3 -> 0.057998204 | D18: {=IF((((10-B18)/SUM(10-(ROW(INDIRECT("1:"&10))-1)))*(1-0.15))<0,0,((10-B18)/SUM(10-(ROW(INDIRECT("1:"&10))-1)))*(1-0.15))} -> 0.10818182 | E18: =E19/(1-C18) -> 1.6564613 | G18: 3 | H18: =0.070580632761148 -0.175867025361679/(G18+1) +0.160146777920703/(G18+1)^2 +0.100712622149732/(G18+1)^3 -> 0.038196685 | I18: {=IF((((10-G18)/SUM(10-(ROW(INDIRECT("1:"&10))-1)))*(1-0.15))<0,0,((10-G18)/SUM(10-(ROW(INDIRECT("1:"&10))-1)))*(1-0.15))} -> 0.10818182 | J18: =J19/(1-H18) -> 2.6066044
B19: 4 | C19: =-0.0200788202748401 +0.691025454662637/(B19+1) -1.84853650131968/(B19+1)^2 +1.33466828255716/(B19+1)^3 -> 0.054862157 | D19: {=IF((((10-B19)/SUM(10-(ROW(INDIRECT("1:"&10))-1)))*(1-0.15))<0,0,((10-B19)/SUM(10-(ROW(INDIRECT("1:"&10))-1)))*(1-0.15))} -> 0.092727273 | E19: =E20/(1-C19) -> 1.5603895 | G19: 4 | H19: =0.070580632761148 -0.175867025361679/(G19+1) +0.160146777920703/(G19+1)^2 +0.100712622149732/(G19+1)^3 -> 0.0426188 | I19: {=IF((((10-G19)/SUM(10-(ROW(INDIRECT("1:"&10))-1)))*(1-0.15))<0,0,((10-G19)/SUM(10-(ROW(INDIRECT("1:"&10))-1)))*(1-0.15))} -> 0.092727273 | J19: =J20/(1-H19) -> 2.5070408
B20: 5 | C20: =-0.0200788202748401 +0.691025454662637/(B20+1) -1.84853650131968/(B20+1)^2 +1.33466828255716/(B20+1)^3 -> 0.049922873 | D20: {=IF((((10-B20)/SUM(10-(ROW(INDIRECT("1:"&10))-1)))*(1-0.15))<0,0,((10-B20)/SUM(10-(ROW(INDIRECT("1:"&10))-1)))*(1-0.15))} -> 0.077272727 | E20: =E21/(1-C20) -> 1.4747832 | G20: 5 | H20: =0.070580632761148 -0.175867025361679/(G20+1) +0.160146777920703/(G20+1)^2 +0.100712622149732/(G20+1)^3 -> 0.046184246 | I20: {=IF((((10-G20)/SUM(10-(ROW(INDIRECT("1:"&10))-1)))*(1-0.15))<0,0,((10-G20)/SUM(10-(ROW(INDIRECT("1:"&10))-1)))*(1-0.15))} -> 0.077272727 | J20: =J21/(1-H20) -> 2.4001937
B21: 6 | C21: =-0.0200788202748401 +0.691025454662637/(B21+1) -1.84853650131968/(B21+1)^2 +1.33466828255716/(B21+1)^3 -> 0.044805028 | D21: {=IF((((10-B21)/SUM(10-(ROW(INDIRECT("1:"&10))-1)))*(1-0.15))<0,0,((10-B21)/SUM(10-(ROW(INDIRECT("1:"&10))-1)))*(1-0.15))} -> 0.061818182 | E21: =E22/(1-C21) -> 1.4011578 | G21: 6 | H21: =0.070580632761148 -0.175867025361679/(G21+1) +0.160146777920703/(G21+1)^2 +0.100712622149732/(G21+1)^3 -> 0.049018696 | I21: {=IF((((10-G21)/SUM(10-(ROW(INDIRECT("1:"&10))-1)))*(1-0.15))<0,0,((10-G21)/SUM(10-(ROW(INDIRECT("1:"&10))-1)))*(1-0.15))} -> 0.061818182 | J21: =J22/(1-H21) -> 2.2893426
B22: 7 | C22: =-0.0200788202748401 +0.691025454662637/(B22+1) -1.84853650131968/(B22+1)^2 +1.33466828255716/(B22+1)^3 -> 0.040022753 | D22: {=IF((((10-B22)/SUM(10-(ROW(INDIRECT("1:"&10))-1)))*(1-0.15))<0,0,((10-B22)/SUM(10-(ROW(INDIRECT("1:"&10))-1)))*(1-0.15))} -> 0.046363636 | E22: =E23/(1-C22) -> 1.3383788 | G22: 7 | H22: =0.070580632761148 -0.175867025361679/(G22+1) +0.160146777920703/(G22+1)^2 +0.100712622149732/(G22+1)^3 -> 0.051296252 | I22: {=IF((((10-G22)/SUM(10-(ROW(INDIRECT("1:"&10))-1)))*(1-0.15))<0,0,((10-G22)/SUM(10-(ROW(INDIRECT("1:"&10))-1)))*(1-0.15))} -> 0.046363636 | J22: =J23/(1-H22) -> 2.177122
B23: 8 | C23: =-0.0200788202748401 +0.691025454662637/(B23+1) -1.84853650131968/(B23+1)^2 +1.33466828255716/(B23+1)^3 -> 0.035711168 | D23: {=IF((((10-B23)/SUM(10-(ROW(INDIRECT("1:"&10))-1)))*(1-0.15))<0,0,((10-B23)/SUM(10-(ROW(INDIRECT("1:"&10))-1)))*(1-0.15))} -> 0.030909091 | E23: =E24/(1-C23) -> 1.2848132 | G23: 8 | H23: =0.070580632761148 -0.175867025361679/(G23+1) +0.160146777920703/(G23+1)^2 +0.100712622149732/(G23+1)^3 -> 0.053155125 | I23: {=IF((((10-G23)/SUM(10-(ROW(INDIRECT("1:"&10))-1)))*(1-0.15))<0,0,((10-G23)/SUM(10-(ROW(INDIRECT("1:"&10))-1)))*(1-0.15))} -> 0.030909091 | J23: =J24/(1-H23) -> 2.0654438
B24: 9 | C24: =-0.0200788202748401 +0.691025454662637/(B24+1) -1.84853650131968/(B24+1)^2 +1.33466828255716/(B24+1)^3 -> 0.031873028 | D24: {=IF((((10-B24)/SUM(10-(ROW(INDIRECT("1:"&10))-1)))*(1-0.15))<0,0,((10-B24)/SUM(10-(ROW(INDIRECT("1:"&10))-1)))*(1-0.15))} -> 0.015454545 | E24: =E25/(1-C24) -> 1.2389311 | G24: 9 | H24: =0.070580632761148 -0.175867025361679/(G24+1) +0.160146777920703/(G24+1)^2 +0.100712622149732/(G24+1)^3 -> 0.054696111 | I24: {=IF((((10-G24)/SUM(10-(ROW(INDIRECT("1:"&10))-1)))*(1-0.15))<0,0,((10-G24)/SUM(10-(ROW(INDIRECT("1:"&10))-1)))*(1-0.15))} -> 0.015454545 | J24: =J25/(1-H24) -> 1.9556549
B25: 10 | C25: =-0.0200788202748401 +0.691025454662637/(B25+1) -1.84853650131968/(B25+1)^2 +1.33466828255716/(B25+1)^3 -> 0.02846727 | D25: {=IF((((10-B25)/SUM(10-(ROW(INDIRECT("1:"&10))-1)))*(1-0.15))<0,0,((10-B25)/SUM(10-(ROW(INDIRECT("1:"&10))-1)))*(1-0.15))} -> 0 | E25: =E26/(1-C25) -> 1.1994426 | G25: 10 | H25: =0.070580632761148 -0.175867025361679/(G25+1) +0.160146777920703/(G25+1)^2 +0.100712622149732/(G25+1)^3 -> 0.055991915 | I25: {=IF((((10-G25)/SUM(10-(ROW(INDIRECT("1:"&10))-1)))*(1-0.15))<0,0,((10-G25)/SUM(10-(ROW(INDIRECT("1:"&10))-1)))*(1-0.15))} -> 0 | J25: =J26/(1-H25) -> 1.8486882
B26: 11 | C26: =-0.0200788202748401 +0.691025454662637/(B26+1) -1.84853650131968/(B26+1)^2 +1.33466828255716/(B26+1)^3 -> 0.025441953 | D26: {=IF((((10-B26)/SUM(10-(ROW(INDIRECT("1:"&10))-1)))*(1-0.15))<0,0,((10-B26)/SUM(10-(ROW(INDIRECT("1:"&10))-1)))*(1-0.15))} -> 0 | E26: =E27/(1-C26) -> 1.1652977 | G26: 11 | H26: =0.070580632761148 -0.175867025361679/(G26+1) +0.160146777920703/(G26+1)^2 +0.100712622149732/(G26+1)^3 -> 0.05709546 | I26: {=IF((((10-G26)/SUM(10-(ROW(INDIRECT("1:"&10))-1)))*(1-0.15))<0,0,((10-G26)/SUM(10-(ROW(INDIRECT("1:"&10))-1)))*(1-0.15))} -> 0 | J26: =J27/(1-H26) -> 1.7451766
... B34: 19 | C34: =-0.0200788202748401 +0.691025454662637/(B34+1) -1.84853650131968/(B34+1)^2 +1.33466828255716/(B34+1)^3 -> 0.010017945 | D34: {=IF((((10-B34)/SUM(10-(ROW(INDIRECT("1:"&10))-1)))*(1-0.15))<0,0,((10-B34)/SUM(10-(ROW(INDIRECT("1:"&10))-1)))*(1-0.15))} -> 0 | E34: =E35/(1-C34) -> 1.0101193 | G34: 19 | H34: =0.070580632761148 -0.175867025361679/(G34+1) +0.160146777920703/(G34+1)^2 +0.100712622149732/(G34+1)^3 -> 0.062200238 | I34: {=IF((((10-G34)/SUM(10-(ROW(INDIRECT("1:"&10))-1)))*(1-0.15))<0,0,((10-G34)/SUM(10-(ROW(INDIRECT("1:"&10))-1)))*(1-0.15))} -> 0 | J34: =J35/(1-H34) -> 1.0663257
B35: 20 | C35: =-0.0200788202748401 +0.691025454662637/(B35+1) -1.84853650131968/(B35+1)^2 +1.33466828255716/(B35+1)^3 -> 0.0087795781 | D35: {=IF((((10-B35)/SUM(10-(ROW(INDIRECT("1:"&10))-1)))*(1-0.15))<0,0,((10-B35)/SUM(10-(ROW(INDIRECT("1:"&10))-1)))*(1-0.15))} -> 0 | E35: 1 | G35: 20 | H35: =0.070580632761148 -0.175867025361679/(G35+1) +0.160146777920703/(G35+1)^2 +0.100712622149732/(G35+1)^3 -> 0.062580032 | I35: {=IF((((10-G35)/SUM(10-(ROW(INDIRECT("1:"&10))-1)))*(1-0.15))<0,0,((10-G35)/SUM(10-(ROW(INDIRECT("1:"&10))-1)))*(1-0.15))} -> 0 | J35: 1
B37: Ano | C37: IPCA | D37: Para estimativas consultar: https://www.bcb.gov.br/publicacoes - Relatório de Mercado
B38: 2022 | C38: 0.0579
B39: 2023 | C39: 0.0462
B40: 2024 | C40: 0.0471
B41: 2025 | C41: 0.0426
B42: 2026 | C42: 0.0501 | D42: Estimativa Boletim Focus BC - Banco Central de 02/10/2026
B43: 2027 | C43: 0.043 | D43: Estimativa Boletim Focus BC - Banco Central de 02/10/2026
B44: 2028 | C44: 0.038 | D44: Estimativa Boletim Focus BC - Banco Central de 02/10/2026
B45: 2029 | C45: 0.035
B46: 2030 | C46: =C45 -> 0.035
B47: 2031 | C47: =C46 -> 0.035

Sheet Manutenção
A1: Faixa Etária | B1: Coeficiente de Consumo de Peças e Acessórios por km
A2: 0 | B2: =7.692307692*10^(-7) -> 7.6923077e-07
A3: 1 | B3: =7.692307692*10^(-7) -> 7.6923077e-07
A4: 2 | B4: =7.692307692*10^(-7) -> 7.6923077e-07
A5: 3 | B5: =8.974358974*10^(-7) -> 8.974359e-07
A6: 4 | B6: =8.974358974*10^(-7) -> 8.974359e-07
A7: 5 | B7: =1.025641026*10^(-6) -> 1.025641e-06
A8: 6 | B8: =1.025641026*10^(-6) -> 1.025641e-06
A9: 7 | B9: =1.153846154*10^(-6) -> 1.1538462e-06
A10: 8 | B10: =1.153846154*10^(-6) -> 1.1538462e-06
A11: 9 | B11: =1.282051282*10^(-6) -> 1.2820513e-06
A12: 10 | B12: =1.282051282*10^(-6) -> 1.2820513e-06
A13: 11 | B13: =1.538461538*10^(-6) -> 1.5384615e-06
A14: 12 | B14: =1.538461538*10^(-6) -> 1.5384615e-06
A15: 13 | B15: =1.538461538*10^(-6) -> 1.5384615e-06
A16: 14 | B16: =1.538461538*10^(-6) -> 1.5384615e-06
A17: 15 | B17: =1.538461538*10^(-6) -> 1.5384615e-06

Sheet BDI
A1: BDI
A2: Devem ser informadas as parcelas que constituem o BDI, com seus respectivos percentuais.
A4: DESCRIÇÃO | B4: Taxa
A5: Taxa a título de BDI | B5: =B18 -> 0.35988539
A7: Parcelas | B7: Taxa (%)
A9: Despesas Indiretas | B9: 0.05
A10: Margem de Lucro | B10: 0.13
A11: Taxas e Tributos | B11: =SUM(B12:B17) -> 0.1275
A13: ICMS | B13: 0 | E13: Alíquotas dos Tributos
A14: ISS | B14: ='Dados de Entrada'!E11 -> 0.035 | E14: PIS | F14: COFINS
A15: PIS | B15: =VLOOKUP('Dados de Entrada'!$E$10,BDI!$D$15:$F$16,2,0) -> 0.0165 | D15: Lucro Real | E15: 0.0165 | F15: 0.076
A16: COFINS | B16: =VLOOKUP('Dados de Entrada'!$E$10,BDI!$D$15:$F$16,3,0) -> 0.076 | D16: Lucro presumido | E16: 0.0065 | F16: 0.03
A18: Total | B18: =((1+B9)*(1+B10))/(1-B11)-1 -> 0.35988539

Sheet Hora Extra
A3: COMPOSIÇÃO Hora Extra 50%
A4: EVENTOS | B4: =Motorista!K5 -> Motorista de ônibus | C4: =Motorista!L5 -> Motorista de Ônibus Curto | D4: Monitor
A6: Remuneração (salário + adicionais) | B6: =Motorista!K41 -> 3968.15 | C6: =Motorista!L41 -> 3370.78 | D6: =Monitor!K40 -> 1717.96
A7: Carga horária mensal | B7: 220 | C7: 220 | D7: 220
A8: Salário por hora ordinária | B8: =B6/B7 -> 18.037045 | C8: =C6/C7 -> 15.321727 | D8: =D6/D7 -> 7.8089091
A9: Salário por hora extra 50% | B9: =B8*1.5 -> 27.055568 | C9: =C8*1.5 -> 22.982591 | D9: =D8*1.5 -> 11.713364
A10: Impacto DSR sobre horas extras 50% (25,33/5,11) | B10: =B9/Motorista!$H$38*Motorista!$I$38 -> 5.4554408 | C10: =C9/Motorista!$H$38*Motorista!$I$38 -> 4.6341722 | D10: =D9/Monitor!$G$37*Monitor!$H$37 -> 2.3618636
A11: Custo das horas extras 50% + DSR | B11: =B9+B10 -> 32.511009 | C11: =C9+C10 -> 27.616763 | D11: =D9+D10 -> 14.075227
A12: Módulo 2.1 - 13º Salário, Férias e Adicional de Férias | B12: =Motorista!$J$47 -> 0.1943 | C12: =Motorista!$J$47 -> 0.1943 | D12: =Monitor!J46 -> 0.1943
A13: Módulo 2.2 - GPS, FGTS e Outras Contribuições | B13: =Motorista!$J$58 -> 0.398 | C13: =Motorista!$J$58 -> 0.398 | D13: =Monitor!J57 -> 0.398
A14: Efeito Módulo 2.2 sobre Módulo 2.1 | B14: =B13*B12 -> 0.0773314 | C14: =C13*C12 -> 0.0773314 | D14: =D13*D12 -> 0.0773314
A15: Percentual para encargos e apropriações | B15: =SUM(B12:B14) -> 0.6696314 | C15: =SUM(C12:C14) -> 0.6696314 | D15: =SUM(D12:D14) -> 0.6696314
A16: Apropriações e encargos s/horas extras 50% + DSR | B16: =B15*B11 -> 21.770392 | C16: =C15*C11 -> 18.493052 | D16: =D15*D11 -> 9.4252141
A17: Custo das horas extras 50% + DSR + apropriações + encargos | B17: =B11+B16 -> 54.281401 | C17: =C11+C16 -> 46.109815 | D17: =D11+D16 -> 23.500441
A18: Impacto tributos s/faturamento - BDI | B18: =B17/(1-BDI!$B$11)-B17 -> 7.9322392 | C18: =C17/(1-BDI!$B$11)-C17 -> 6.7381105 | D18: =D17/(1-BDI!$B$11)-D17 -> 3.4341619
A19: Custo das horas extras 50% + DSR + apropriações + encargos + impostos s/faturamento | B19: =ROUND(B17+B18,2) -> 62.21 | C19: =ROUND(C17+C18,2) -> 52.85 | D19: =ROUND(D17+D18,2) -> 26.93

Sheet BD
D1: Veículo | E1: Categoria Motorista | G1: CV Comum Ñ Pavim. | H1: CV Comum Pavim. | I1: CF Comum | J1: ROTAS DOS LOTES | S1: Tipo de Veículo | T1: Marca/Modelo cfe. CRLV | U1: Marca cfe. FIPE | V1: Modelo cfe. FIPE | W1: Ano Modelo (cfe. FIPE) | X1: Código Fipe | Y1: Valor do Veículo na Tabela Fipe
A2: Lotes | B2: Nº Rotas | D2: Ônibus 01 | E2: Motorista de ônibus | F2: Ônibus | G2: =CV_Comuns!$H$35 -> 2.9232 | H2: =CV_Comuns!$I$35 -> 2.7086 | I2: =CF_Comuns!$E$41 -> 13473.68 | J2: 1 | K2: 2 | L2: 3 | M2: 4 | N2: 5 | O2: 6 | P2: 7 | S2: Ônibus 01 | U2: MARCOPOLO | V2: Marcopolo Volare ESC./LOT. W9/DW9 FLY (diesel E5) | W2: 2012 | X2: 508016-9 | Y2: 152664
A3: 1 | B3: =COUNTIF(Rotas!$A$5:$A$8,$A3) -> 0 | D3: Ônibus 02 | E3: Motorista de ônibus | F3: Ônibus | G3: =CV_Comuns!$H$35 -> 2.9232 | H3: =CV_Comuns!$I$35 -> 2.7086 | I3: =CF_Comuns!$E$41 -> 13473.68 | J3: {=IFERROR(SMALL(IF(Rotas!$A$5:$A$8=BD!$A3,Rotas!$B$5:$B$8,""),J$2),"")} | K3: {=IFERROR(SMALL(IF(Rotas!$A$5:$A$8=BD!$A3,Rotas!$B$5:$B$8,""),K$2),"")} | L3: {=IFERROR(SMALL(IF(Rotas!$A$5:$A$8=BD!$A3,Rotas!$B$5:$B$8,""),L$2),"")} | M3: {=IFERROR(SMALL(IF(Rotas!$A$5:$A$8=BD!$A3,Rotas!$B$5:$B$8,""),M$2),"")} | N3: {=IFERROR(SMALL(IF(Rotas!$A$5:$A$8=BD!$A3,Rotas!$B$5:$B$8,""),N$2),"")} | O3: {=IFERROR(SMALL(IF(Rotas!$A$5:$A$8=BD!$A3,Rotas!$B$5:$B$8,""),O$2),"")} | P3: {=IFERROR(SMALL(IF(Rotas!$A$5:$A$8=BD!$A3,Rotas!$B$5:$B$8,""),P$2),"")} | Q3: =COUNTIF(J3:P3,">0") -> 0 | S3: Ônibus 02 | U3: MARCOPOLO | V3: Marcopolo Volare ESC./LOT. W9/DW9 FLY (diesel E5) – Veículo-base | W3: 2012 | X3: 508016-9 | Y3: 152664
A4: 2 | B4: =COUNTIF(Rotas!$A$5:$A$8,$A4) -> 0 | D4: Ônibus 03 | E4: Motorista de Ônibus Curto | F4: Ônibus_Curto | G4: =CV_Comuns!$X$35 -> 1.8797 | H4: =CV_Comuns!$Y$35 -> 1.7506 | I4: =CF_Comuns!$F$41 -> 12074.73 | J4: {=IFERROR(SMALL(IF(Rotas!$A$5:$A$8=BD!$A4,Rotas!$B$5:$B$8,""),J$2),"")} | K4: {=IFERROR(SMALL(IF(Rotas!$A$5:$A$8=BD!$A4,Rotas!$B$5:$B$8,""),K$2),"")} | L4: {=IFERROR(SMALL(IF(Rotas!$A$5:$A$8=BD!$A4,Rotas!$B$5:$B$8,""),L$2),"")} | M4: {=IFERROR(SMALL(IF(Rotas!$A$5:$A$8=BD!$A4,Rotas!$B$5:$B$8,""),M$2),"")} | N4: {=IFERROR(SMALL(IF(Rotas!$A$5:$A$8=BD!$A4,Rotas!$B$5:$B$8,""),N$2),"")} | O4: {=IFERROR(SMALL(IF(Rotas!$A$5:$A$8=BD!$A4,Rotas!$B$5:$B$8,""),O$2),"")} | P4: {=IFERROR(SMALL(IF(Rotas!$A$5:$A$8=BD!$A4,Rotas!$B$5:$B$8,""),P$2),"")} | Q4: =COUNTIF(J4:P4,">0") -> 0 | S4: Ônibus 03 | U4: MARCOPOLO | V4: Marcopolo Volare Escolarbus/Lotação V6 (diesel E5) – veículo-base | W4: 2012 | X4: 508013-4 | Y4: 87545
A5: 3 | B5: =COUNTIF(Rotas!$A$5:$A$8,$A5) -> 0 | D5: Ônibus 04 | E5: Motorista de Ônibus Curto | F5: Ônibus_Curto_4x4 | G5: =CV_Comuns!$P$35 -> 1.8731 | H5: =CV_Comuns!$Q$35 -> 1.7455 | I5: =CF_Comuns!$F$41 -> 12074.73 | J5: {=IFERROR(SMALL(IF(Rotas!$A$5:$A$8=BD!$A5,Rotas!$B$5:$B$8,""),J$2),"")} | K5: {=IFERROR(SMALL(IF(Rotas!$A$5:$A$8=BD!$A5,Rotas!$B$5:$B$8,""),K$2),"")} | L5: {=IFERROR(SMALL(IF(Rotas!$A$5:$A$8=BD!$A5,Rotas!$B$5:$B$8,""),L$2),"")} | M5: {=IFERROR(SMALL(IF(Rotas!$A$5:$A$8=BD!$A5,Rotas!$B$5:$B$8,""),M$2),"")} | N5: {=IFERROR(SMALL(IF(Rotas!$A$5:$A$8=BD!$A5,Rotas!$B$5:$B$8,""),N$2),"")} | O5: {=IFERROR(SMALL(IF(Rotas!$A$5:$A$8=BD!$A5,Rotas!$B$5:$B$8,""),O$2),"")} | P5: {=IFERROR(SMALL(IF(Rotas!$A$5:$A$8=BD!$A5,Rotas!$B$5:$B$8,""),P$2),"")} | Q5: =COUNTIF(J5:P5,">0") -> 0 | S5: Ônibus 04 | U5: MARCOPOLO | V5: Marcopolo Volare Escolar V8L 4x4 (diesel E5) | W5: 2013 | X5: 508039-8 | Y5: 200574
A6: 4 | B6: =COUNTIF(Rotas!$A$5:$A$8,$A6) -> 0 | D6: Ônibus 05 | E6: Motorista de Ônibus Curto | F6: Ônibus_Curto | G6: =CV_Comuns!$X$35 -> 1.8797 | H6: =CV_Comuns!$Y$35 -> 1.7506 | I6: =CF_Comuns!$F$41 -> 12074.73 | J6: {=IFERROR(SMALL(IF(Rotas!$A$5:$A$8=BD!$A6,Rotas!$B$5:$B$8,""),J$2),"")} | K6: {=IFERROR(SMALL(IF(Rotas!$A$5:$A$8=BD!$A6,Rotas!$B$5:$B$8,""),K$2),"")} | L6: {=IFERROR(SMALL(IF(Rotas!$A$5:$A$8=BD!$A6,Rotas!$B$5:$B$8,""),L$2),"")} | M6: {=IFERROR(SMALL(IF(Rotas!$A$5:$A$8=BD!$A6,Rotas!$B$5:$B$8,""),M$2),"")} | N6: {=IFERROR(SMALL(IF(Rotas!$A$5:$A$8=BD!$A6,Rotas!$B$5:$B$8,""),N$2),"")} | O6: {=IFERROR(SMALL(IF(Rotas!$A$5:$A$8=BD!$A6,Rotas!$B$5:$B$8,""),O$2),"")} | P6: {=IFERROR(SMALL(IF(Rotas!$A$5:$A$8=BD!$A6,Rotas!$B$5:$B$8,""),P$2),"")} | Q6: =COUNTIF(J6:P6,">0") -> 0 | S6: Ônibus 05 | U6: MARCOPOLO | V6: Marcopolo Volare Escolarbus/Lotação V8 (diesel E5) | W6: 2012 | X6: 508014-2 | Y6: 90773
A7: 5 | B7: =COUNTIF(Rotas!$A$5:$A$8,$A7) -> 0 | D7: Ônibus 06 | E7: Motorista de Ônibus Curto | F7: Ônibus_Curto | G7: =CV_Comuns!$X$35 -> 1.8797 | H7: =CV_Comuns!$Y$35 -> 1.7506 | I7: =CF_Comuns!$F$41 -> 12074.73 | J7: {=IFERROR(SMALL(IF(Rotas!$A$5:$A$8=BD!$A7,Rotas!$B$5:$B$8,""),J$2),"")} | K7: {=IFERROR(SMALL(IF(Rotas!$A$5:$A$8=BD!$A7,Rotas!$B$5:$B$8,""),K$2),"")} | L7: {=IFERROR(SMALL(IF(Rotas!$A$5:$A$8=BD!$A7,Rotas!$B$5:$B$8,""),L$2),"")} | M7: {=IFERROR(SMALL(IF(Rotas!$A$5:$A$8=BD!$A7,Rotas!$B$5:$B$8,""),M$2),"")} | N7: {=IFERROR(SMALL(IF(Rotas!$A$5:$A$8=BD!$A7,Rotas!$B$5:$B$8,""),N$2),"")} | O7: {=IFERROR(SMALL(IF(Rotas!$A$5:$A$8=BD!$A7,Rotas!$B$5:$B$8,""),O$2),"")} | P7: {=IFERROR(SMALL(IF(Rotas!$A$5:$A$8=BD!$A7,Rotas!$B$5:$B$8,""),P$2),"")} | Q7: =COUNTIF(J7:P7,">0") -> 0 | S7: Ônibus 06 | U7: MARCOPOLO | V7: Marcopolo Volare Escolar/LOT. W8 FLY (diesel E5) | W7: 2012 | X7: 508015-0 | Y7: 117914
A8: 6 | B8: =COUNTIF(Rotas!$A$5:$A$8,$A8) -> 0 | D8: Ônibus 07 | E8: Motorista de Ônibus Curto | F8: Ônibus_Curto | G8: =CV_Comuns!$X$35 -> 1.8797 | H8: =CV_Comuns!$Y$35 -> 1.7506 | I8: =CF_Comuns!$F$41 -> 12074.73 | J8: {=IFERROR(SMALL(IF(Rotas!$A$5:$A$8=BD!$A8,Rotas!$B$5:$B$8,""),J$2),"")} | K8: {=IFERROR(SMALL(IF(Rotas!$A$5:$A$8=BD!$A8,Rotas!$B$5:$B$8,""),K$2),"")} | L8: {=IFERROR(SMALL(IF(Rotas!$A$5:$A$8=BD!$A8,Rotas!$B$5:$B$8,""),L$2),"")} | M8: {=IFERROR(SMALL(IF(Rotas!$A$5:$A$8=BD!$A8,Rotas!$B$5:$B$8,""),M$2),"")} | N8: {=IFERROR(SMALL(IF(Rotas!$A$5:$A$8=BD!$A8,Rotas!$B$5:$B$8,""),N$2),"")} | O8: {=IFERROR(SMALL(IF(Rotas!$A$5:$A$8=BD!$A8,Rotas!$B$5:$B$8,""),O$2),"")} | P8: {=IFERROR(SMALL(IF(Rotas!$A$5:$A$8=BD!$A8,Rotas!$B$5:$B$8,""),P$2),"")} | Q8: =COUNTIF(J8:P8,">0") -> 0 | S8: Ônibus 07 | U8: MARCOPOLO | V8: Marcopolo Volare Escolarbus/Lotação V6 (diesel E5) | W8: 2012 | X8: 508013-4 | Y8: 87545
A9: 7 | B9: =COUNTIF(Rotas!$A$5:$A$8,$A9) -> 0 | D9: Van | E9: Motorista de Van | F9: Van | J9: {=IFERROR(SMALL(IF(Rotas!$A$5:$A$8=BD!$A9,Rotas!$B$5:$B$8,""),J$2),"")} | K9: {=IFERROR(SMALL(IF(Rotas!$A$5:$A$8=BD!$A9,Rotas!$B$5:$B$8,""),K$2),"")} | L9: {=IFERROR(SMALL(IF(Rotas!$A$5:$A$8=BD!$A9,Rotas!$B$5:$B$8,""),L$2),"")} | M9: {=IFERROR(SMALL(IF(Rotas!$A$5:$A$8=BD!$A9,Rotas!$B$5:$B$8,""),M$2),"")} | N9: {=IFERROR(SMALL(IF(Rotas!$A$5:$A$8=BD!$A9,Rotas!$B$5:$B$8,""),N$2),"")} | O9: {=IFERROR(SMALL(IF(Rotas!$A$5:$A$8=BD!$A9,Rotas!$B$5:$B$8,""),O$2),"")} | P9: {=IFERROR(SMALL(IF(Rotas!$A$5:$A$8=BD!$A9,Rotas!$B$5:$B$8,""),P$2),"")} | Q9: =COUNTIF(J9:P9,">0") -> 0
A10: 8 | B10: =COUNTIF(Rotas!$A$5:$A$8,$A10) -> 0 | J10: {=IFERROR(SMALL(IF(Rotas!$A$5:$A$8=BD!$A10,Rotas!$B$5:$B$8,""),J$2),"")} | K10: {=IFERROR(SMALL(IF(Rotas!$A$5:$A$8=BD!$A10,Rotas!$B$5:$B$8,""),K$2),"")} | L10: {=IFERROR(SMALL(IF(Rotas!$A$5:$A$8=BD!$A10,Rotas!$B$5:$B$8,""),L$2),"")} | M10: {=IFERROR(SMALL(IF(Rotas!$A$5:$A$8=BD!$A10,Rotas!$B$5:$B$8,""),M$2),"")} | N10: {=IFERROR(SMALL(IF(Rotas!$A$5:$A$8=BD!$A10,Rotas!$B$5:$B$8,""),N$2),"")} | O10: {=IFERROR(SMALL(IF(Rotas!$A$5:$A$8=BD!$A10,Rotas!$B$5:$B$8,""),O$2),"")} | P10: {=IFERROR(SMALL(IF(Rotas!$A$5:$A$8=BD!$A10,Rotas!$B$5:$B$8,""),P$2),"")} | Q10: =COUNTIF(J10:P10,">0") -> 0
A11: 9 | B11: =COUNTIF(Rotas!$A$5:$A$8,$A11) -> 0 | J11: {=IFERROR(SMALL(IF(Rotas!$A$5:$A$8=BD!$A11,Rotas!$B$5:$B$8,""),J$2),"")} | K11: {=IFERROR(SMALL(IF(Rotas!$A$5:$A$8=BD!$A11,Rotas!$B$5:$B$8,""),K$2),"")} | L11: {=IFERROR(SMALL(IF(Rotas!$A$5:$A$8=BD!$A11,Rotas!$B$5:$B$8,""),L$2),"")} | M11: {=IFERROR(SMALL(IF(Rotas!$A$5:$A$8=BD!$A11,Rotas!$B$5:$B$8,""),M$2),"")} | N11: {=IFERROR(SMALL(IF(Rotas!$A$5:$A$8=BD!$A11,Rotas!$B$5:$B$8,""),N$2),"")} | O11: {=IFERROR(SMALL(IF(Rotas!$A$5:$A$8=BD!$A11,Rotas!$B$5:$B$8,""),O$2),"")} | P11: {=IFERROR(SMALL(IF(Rotas!$A$5:$A$8=BD!$A11,Rotas!$B$5:$B$8,""),P$2),"")} | Q11: =COUNTIF(J11:P11,">0") -> 0
A12: 10 | B12: =COUNTIF(Rotas!$A$5:$A$8,$A12) -> 0 | D12: Feriados | J12: {=IFERROR(SMALL(IF(Rotas!$A$5:$A$8=BD!$A12,Rotas!$B$5:$B$8,""),J$2),"")} | K12: {=IFERROR(SMALL(IF(Rotas!$A$5:$A$8=BD!$A12,Rotas!$B$5:$B$8,""),K$2),"")} | L12: {=IFERROR(SMALL(IF(Rotas!$A$5:$A$8=BD!$A12,Rotas!$B$5:$B$8,""),L$2),"")} | M12: {=IFERROR(SMALL(IF(Rotas!$A$5:$A$8=BD!$A12,Rotas!$B$5:$B$8,""),M$2),"")} | N12: {=IFERROR(SMALL(IF(Rotas!$A$5:$A$8=BD!$A12,Rotas!$B$5:$B$8,""),N$2),"")} | O12: {=IFERROR(SMALL(IF(Rotas!$A$5:$A$8=BD!$A12,Rotas!$B$5:$B$8,""),O$2),"")} | P12: {=IFERROR(SMALL(IF(Rotas!$A$5:$A$8=BD!$A12,Rotas!$B$5:$B$8,""),P$2),"")} | Q12: =COUNTIF(J12:P12,">0") -> 0
A13: 11 | B13: =COUNTIF(Rotas!$A$5:$A$8,$A13) -> 0 | D13: 46023 | E13: =TEXT(D13,"dddd") -> quinta-feira | F13: Confraternização Universal - Ano Novo | J13: {=IFERROR(SMALL(IF(Rotas!$A$5:$A$8=BD!$A13,Rotas!$B$5:$B$8,""),J$2),"")} | K13: {=IFERROR(SMALL(IF(Rotas!$A$5:$A$8=BD!$A13,Rotas!$B$5:$B$8,""),K$2),"")} | L13: {=IFERROR(SMALL(IF(Rotas!$A$5:$A$8=BD!$A13,Rotas!$B$5:$B$8,""),L$2),"")} | M13: {=IFERROR(SMALL(IF(Rotas!$A$5:$A$8=BD!$A13,Rotas!$B$5:$B$8,""),M$2),"")} | N13: {=IFERROR(SMALL(IF(Rotas!$A$5:$A$8=BD!$A13,Rotas!$B$5:$B$8,""),N$2),"")} | O13: {=IFERROR(SMALL(IF(Rotas!$A$5:$A$8=BD!$A13,Rotas!$B$5:$B$8,""),O$2),"")} | P13: {=IFERROR(SMALL(IF(Rotas!$A$5:$A$8=BD!$A13,Rotas!$B$5:$B$8,""),P$2),"")} | Q13: =COUNTIF(J13:P13,">0") -> 0
A14: 12 | B14: =COUNTIF(Rotas!$A$5:$A$8,$A14) -> 0 | D14: 46069 | E14: =TEXT(D14,"dddd") -> segunda-feira | F14: Carnaval | J14: {=IFERROR(SMALL(IF(Rotas!$A$5:$A$8=BD!$A14,Rotas!$B$5:$B$8,""),J$2),"")} | K14: {=IFERROR(SMALL(IF(Rotas!$A$5:$A$8=BD!$A14,Rotas!$B$5:$B$8,""),K$2),"")} | L14: {=IFERROR(SMALL(IF(Rotas!$A$5:$A$8=BD!$A14,Rotas!$B$5:$B$8,""),L$2),"")} | M14: {=IFERROR(SMALL(IF(Rotas!$A$5:$A$8=BD!$A14,Rotas!$B$5:$B$8,""),M$2),"")} | N14: {=IFERROR(SMALL(IF(Rotas!$A$5:$A$8=BD!$A14,Rotas!$B$5:$B$8,""),N$2),"")} | O14: {=IFERROR(SMALL(IF(Rotas!$A$5:$A$8=BD!$A14,Rotas!$B$5:$B$8,""),O$2),"")} | P14: {=IFERROR(SMALL(IF(Rotas!$A$5:$A$8=BD!$A14,Rotas!$B$5:$B$8,""),P$2),"")} | Q14: =COUNTIF(J14:P14,">0") -> 0
A15: 13 | B15: =COUNTIF(Rotas!$A$5:$A$8,$A15) -> 0 | D15: 46070 | E15: =TEXT(D15,"dddd") -> terça-feira | F15: Carnaval | J15: {=IFERROR(SMALL(IF(Rotas!$A$5:$A$8=BD!$A15,Rotas!$B$5:$B$8,""),J$2),"")} | K15: {=IFERROR(SMALL(IF(Rotas!$A$5:$A$8=BD!$A15,Rotas!$B$5:$B$8,""),K$2),"")} | L15: {=IFERROR(SMALL(IF(Rotas!$A$5:$A$8=BD!$A15,Rotas!$B$5:$B$8,""),L$2),"")} | M15: {=IFERROR(SMALL(IF(Rotas!$A$5:$A$8=BD!$A15,Rotas!$B$5:$B$8,""),M$2),"")} | N15: {=IFERROR(SMALL(IF(Rotas!$A$5:$A$8=BD!$A15,Rotas!$B$5:$B$8,""),N$2),"")} | O15: {=IFERROR(SMALL(IF(Rotas!$A$5:$A$8=BD!$A15,Rotas!$B$5:$B$8,""),O$2),"")} | P15: {=IFERROR(SMALL(IF(Rotas!$A$5:$A$8=BD!$A15,Rotas!$B$5:$B$8,""),P$2),"")} | Q15: =COUNTIF(J15:P15,">0") -> 0
A16: 14 | B16: =COUNTIF(Rotas!$A$5:$A$8,$A16) -> 0 | D16: 46129 | E16: =TEXT(D16,"dddd") -> sexta-feira | F16: Paixão de Cristo | J16: {=IFERROR(SMALL(IF(Rotas!$A$5:$A$8=BD!$A16,Rotas!$B$5:$B$8,""),J$2),"")} | K16: {=IFERROR(SMALL(IF(Rotas!$A$5:$A$8=BD!$A16,Rotas!$B$5:$B$8,""),K$2),"")} | L16: {=IFERROR(SMALL(IF(Rotas!$A$5:$A$8=BD!$A16,Rotas!$B$5:$B$8,""),L$2),"")} | M16: {=IFERROR(SMALL(IF(Rotas!$A$5:$A$8=BD!$A16,Rotas!$B$5:$B$8,""),M$2),"")} | N16: {=IFERROR(SMALL(IF(Rotas!$A$5:$A$8=BD!$A16,Rotas!$B$5:$B$8,""),N$2),"")} | O16: {=IFERROR(SMALL(IF(Rotas!$A$5:$A$8=BD!$A16,Rotas!$B$5:$B$8,""),O$2),"")} | P16: {=IFERROR(SMALL(IF(Rotas!$A$5:$A$8=BD!$A16,Rotas!$B$5:$B$8,""),P$2),"")} | Q16: =COUNTIF(J16:P16,">0") -> 0
A17: 15 | B17: =COUNTIF(Rotas!$A$5:$A$8,$A17) -> 0 | D17: 46133 | E17: =TEXT(D17,"dddd") -> terça-feira | F17: Feriado de Tiradentes | J17: {=IFERROR(SMALL(IF(Rotas!$A$5:$A$8=BD!$A17,Rotas!$B$5:$B$8,""),J$2),"")} | K17: {=IFERROR(SMALL(IF(Rotas!$A$5:$A$8=BD!$A17,Rotas!$B$5:$B$8,""),K$2),"")} | L17: {=IFERROR(SMALL(IF(Rotas!$A$5:$A$8=BD!$A17,Rotas!$B$5:$B$8,""),L$2),"")} | M17: {=IFERROR(SMALL(IF(Rotas!$A$5:$A$8=BD!$A17,Rotas!$B$5:$B$8,""),M$2),"")} | N17: {=IFERROR(SMALL(IF(Rotas!$A$5:$A$8=BD!$A17,Rotas!$B$5:$B$8,""),N$2),"")} | O17: {=IFERROR(SMALL(IF(Rotas!$A$5:$A$8=BD!$A17,Rotas!$B$5:$B$8,""),O$2),"")} | P17: {=IFERROR(SMALL(IF(Rotas!$A$5:$A$8=BD!$A17,Rotas!$B$5:$B$8,""),P$2),"")} | Q17: =COUNTIF(J17:P17,">0") -> 0
A18: 16 | B18: =COUNTIF(Rotas!$A$5:$A$8,$A18) -> 3 | D18: 46143 | E18: =TEXT(D18,"dddd") -> sexta-feira | F18: Dia do Trabalhador | J18: {=IFERROR(SMALL(IF(Rotas!$A$5:$A$8=BD!$A18,Rotas!$B$5:$B$8,""),J$2),"")} -> 112 | K18: {=IFERROR(SMALL(IF(Rotas!$A$5:$A$8=BD!$A18,Rotas!$B$5:$B$8,""),K$2),"")} -> 113 | L18: {=IFERROR(SMALL(IF(Rotas!$A$5:$A$8=BD!$A18,Rotas!$B$5:$B$8,""),L$2),"")} -> 114 | M18: {=IFERROR(SMALL(IF(Rotas!$A$5:$A$8=BD!$A18,Rotas!$B$5:$B$8,""),M$2),"")} | N18: {=IFERROR(SMALL(IF(Rotas!$A$5:$A$8=BD!$A18,Rotas!$B$5:$B$8,""),N$2),"")} | O18: {=IFERROR(SMALL(IF(Rotas!$A$5:$A$8=BD!$A18,Rotas!$B$5:$B$8,""),O$2),"")} | P18: {=IFERROR(SMALL(IF(Rotas!$A$5:$A$8=BD!$A18,Rotas!$B$5:$B$8,""),P$2),"")}
A19: 17 | B19: =COUNTIF(Rotas!$A$5:$A$8,$A19) -> 0 | D19: 46177 | E19: =TEXT(D19,"dddd") -> quinta-feira | F19: Corpus Christi | J19: {=IFERROR(SMALL(IF(Rotas!$A$5:$A$8=BD!$A19,Rotas!$B$5:$B$8,""),J$2),"")} | K19: {=IFERROR(SMALL(IF(Rotas!$A$5:$A$8=BD!$A19,Rotas!$B$5:$B$8,""),K$2),"")} | L19: {=IFERROR(SMALL(IF(Rotas!$A$5:$A$8=BD!$A19,Rotas!$B$5:$B$8,""),L$2),"")} | M19: {=IFERROR(SMALL(IF(Rotas!$A$5:$A$8=BD!$A19,Rotas!$B$5:$B$8,""),M$2),"")} | N19: {=IFERROR(SMALL(IF(Rotas!$A$5:$A$8=BD!$A19,Rotas!$B$5:$B$8,""),N$2),"")} | O19: {=IFERROR(SMALL(IF(Rotas!$A$5:$A$8=BD!$A19,Rotas!$B$5:$B$8,""),O$2),"")} | P19: {=IFERROR(SMALL(IF(Rotas!$A$5:$A$8=BD!$A19,Rotas!$B$5:$B$8,""),P$2),"")}
A20: 18 | B20: =COUNTIF(Rotas!$A$5:$A$8,$A20) -> 0 | D20: 46236 | E20: =TEXT(D20,"dddd") -> domingo | F20: Nossa Srª dos Anjos - Gravataí | J20: {=IFERROR(SMALL(IF(Rotas!$A$5:$A$8=BD!$A20,Rotas!$B$5:$B$8,""),J$2),"")} | K20: {=IFERROR(SMALL(IF(Rotas!$A$5:$A$8=BD!$A20,Rotas!$B$5:$B$8,""),K$2),"")} | L20: {=IFERROR(SMALL(IF(Rotas!$A$5:$A$8=BD!$A20,Rotas!$B$5:$B$8,""),L$2),"")} | M20: {=IFERROR(SMALL(IF(Rotas!$A$5:$A$8=BD!$A20,Rotas!$B$5:$B$8,""),M$2),"")} | N20: {=IFERROR(SMALL(IF(Rotas!$A$5:$A$8=BD!$A20,Rotas!$B$5:$B$8,""),N$2),"")} | O20: {=IFERROR(SMALL(IF(Rotas!$A$5:$A$8=BD!$A20,Rotas!$B$5:$B$8,""),O$2),"")} | P20: {=IFERROR(SMALL(IF(Rotas!$A$5:$A$8=BD!$A20,Rotas!$B$5:$B$8,""),P$2),"")}
A21: 19 | B21: =COUNTIF(Rotas!$A$5:$A$8,$A21) -> 0 | D21: 46272 | E21: =TEXT(D21,"dddd") -> segunda-feira | F21: Independência | J21: {=IFERROR(SMALL(IF(Rotas!$A$5:$A$8=BD!$A21,Rotas!$B$5:$B$8,""),J$2),"")} | K21: {=IFERROR(SMALL(IF(Rotas!$A$5:$A$8=BD!$A21,Rotas!$B$5:$B$8,""),K$2),"")} | L21: {=IFERROR(SMALL(IF(Rotas!$A$5:$A$8=BD!$A21,Rotas!$B$5:$B$8,""),L$2),"")} | M21: {=IFERROR(SMALL(IF(Rotas!$A$5:$A$8=BD!$A21,Rotas!$B$5:$B$8,""),M$2),"")} | N21: {=IFERROR(SMALL(IF(Rotas!$A$5:$A$8=BD!$A21,Rotas!$B$5:$B$8,""),N$2),"")} | O21: {=IFERROR(SMALL(IF(Rotas!$A$5:$A$8=BD!$A21,Rotas!$B$5:$B$8,""),O$2),"")} | P21: {=IFERROR(SMALL(IF(Rotas!$A$5:$A$8=BD!$A21,Rotas!$B$5:$B$8,""),P$2),"")}
A22: 20 | B22: =COUNTIF(Rotas!$A$5:$A$8,$A22) -> 0 | D22: 46285 | E22: =TEXT(D22,"dddd") -> domingo | F22: Semana Farroupilha | J22: {=IFERROR(SMALL(IF(Rotas!$A$5:$A$8=BD!$A22,Rotas!$B$5:$B$8,""),J$2),"")} | K22: {=IFERROR(SMALL(IF(Rotas!$A$5:$A$8=BD!$A22,Rotas!$B$5:$B$8,""),K$2),"")} | L22: {=IFERROR(SMALL(IF(Rotas!$A$5:$A$8=BD!$A22,Rotas!$B$5:$B$8,""),L$2),"")} | M22: {=IFERROR(SMALL(IF(Rotas!$A$5:$A$8=BD!$A22,Rotas!$B$5:$B$8,""),M$2),"")} | N22: {=IFERROR(SMALL(IF(Rotas!$A$5:$A$8=BD!$A22,Rotas!$B$5:$B$8,""),N$2),"")} | O22: {=IFERROR(SMALL(IF(Rotas!$A$5:$A$8=BD!$A22,Rotas!$B$5:$B$8,""),O$2),"")} | P22: {=IFERROR(SMALL(IF(Rotas!$A$5:$A$8=BD!$A22,Rotas!$B$5:$B$8,""),P$2),"")}
A23: 21 | B23: =COUNTIF(Rotas!$A$5:$A$8,$A23) -> 0 | D23: 46307 | E23: =TEXT(D23,"dddd") -> segunda-feira | F23: Nossa Senhora Aparecida | J23: {=IFERROR(SMALL(IF(Rotas!$A$5:$A$8=BD!$A23,Rotas!$B$5:$B$8,""),J$2),"")} | K23: {=IFERROR(SMALL(IF(Rotas!$A$5:$A$8=BD!$A23,Rotas!$B$5:$B$8,""),K$2),"")} | L23: {=IFERROR(SMALL(IF(Rotas!$A$5:$A$8=BD!$A23,Rotas!$B$5:$B$8,""),L$2),"")} | M23: {=IFERROR(SMALL(IF(Rotas!$A$5:$A$8=BD!$A23,Rotas!$B$5:$B$8,""),M$2),"")} | N23: {=IFERROR(SMALL(IF(Rotas!$A$5:$A$8=BD!$A23,Rotas!$B$5:$B$8,""),N$2),"")} | O23: {=IFERROR(SMALL(IF(Rotas!$A$5:$A$8=BD!$A23,Rotas!$B$5:$B$8,""),O$2),"")} | P23: {=IFERROR(SMALL(IF(Rotas!$A$5:$A$8=BD!$A23,Rotas!$B$5:$B$8,""),P$2),"")}
A24: 22 | B24: =COUNTIF(Rotas!$A$5:$A$8,$A24) -> 0 | D24: 46328 | E24: =TEXT(D24,"dddd") -> segunda-feira | F24: Dia de Finados | J24: {=IFERROR(SMALL(IF(Rotas!$A$5:$A$8=BD!$A24,Rotas!$B$5:$B$8,""),J$2),"")} | K24: {=IFERROR(SMALL(IF(Rotas!$A$5:$A$8=BD!$A24,Rotas!$B$5:$B$8,""),K$2),"")} | L24: {=IFERROR(SMALL(IF(Rotas!$A$5:$A$8=BD!$A24,Rotas!$B$5:$B$8,""),L$2),"")} | M24: {=IFERROR(SMALL(IF(Rotas!$A$5:$A$8=BD!$A24,Rotas!$B$5:$B$8,""),M$2),"")} | N24: {=IFERROR(SMALL(IF(Rotas!$A$5:$A$8=BD!$A24,Rotas!$B$5:$B$8,""),N$2),"")} | O24: {=IFERROR(SMALL(IF(Rotas!$A$5:$A$8=BD!$A24,Rotas!$B$5:$B$8,""),O$2),"")} | P24: {=IFERROR(SMALL(IF(Rotas!$A$5:$A$8=BD!$A24,Rotas!$B$5:$B$8,""),P$2),"")}
A25: 23 | B25: =COUNTIF(Rotas!$A$5:$A$8,$A25) -> 0 | D25: 46346 | E25: =TEXT(D25,"dddd") -> sexta-feira | F25: Dia da Consciência Negra | J25: {=IFERROR(SMALL(IF(Rotas!$A$5:$A$8=BD!$A25,Rotas!$B$5:$B$8,""),J$2),"")} | K25: {=IFERROR(SMALL(IF(Rotas!$A$5:$A$8=BD!$A25,Rotas!$B$5:$B$8,""),K$2),"")} | L25: {=IFERROR(SMALL(IF(Rotas!$A$5:$A$8=BD!$A25,Rotas!$B$5:$B$8,""),L$2),"")} | M25: {=IFERROR(SMALL(IF(Rotas!$A$5:$A$8=BD!$A25,Rotas!$B$5:$B$8,""),M$2),"")} | N25: {=IFERROR(SMALL(IF(Rotas!$A$5:$A$8=BD!$A25,Rotas!$B$5:$B$8,""),N$2),"")} | O25: {=IFERROR(SMALL(IF(Rotas!$A$5:$A$8=BD!$A25,Rotas!$B$5:$B$8,""),O$2),"")} | P25: {=IFERROR(SMALL(IF(Rotas!$A$5:$A$8=BD!$A25,Rotas!$B$5:$B$8,""),P$2),"")}
A26: 24 | B26: =COUNTIF(Rotas!$A$5:$A$8,$A26) -> 0 | D26: 46381 | E26: =TEXT(D26,"dddd") -> sexta-feira | F26: Natal | J26: {=IFERROR(SMALL(IF(Rotas!$A$5:$A$8=BD!$A26,Rotas!$B$5:$B$8,""),J$2),"")} | K26: {=IFERROR(SMALL(IF(Rotas!$A$5:$A$8=BD!$A26,Rotas!$B$5:$B$8,""),K$2),"")} | L26: {=IFERROR(SMALL(IF(Rotas!$A$5:$A$8=BD!$A26,Rotas!$B$5:$B$8,""),L$2),"")} | M26: {=IFERROR(SMALL(IF(Rotas!$A$5:$A$8=BD!$A26,Rotas!$B$5:$B$8,""),M$2),"")} | N26: {=IFERROR(SMALL(IF(Rotas!$A$5:$A$8=BD!$A26,Rotas!$B$5:$B$8,""),N$2),"")} | O26: {=IFERROR(SMALL(IF(Rotas!$A$5:$A$8=BD!$A26,Rotas!$B$5:$B$8,""),O$2),"")} | P26: {=IFERROR(SMALL(IF(Rotas!$A$5:$A$8=BD!$A26,Rotas!$B$5:$B$8,""),P$2),"")}
A27: 25 | B27: =COUNTIF(Rotas!$A$5:$A$8,$A27) -> 0 | D27: =EDATE(D13,12) -> 46388 | E27: =TEXT(D27,"dddd") -> sexta-feira | F27: Confraternização Universal - Ano Novo | J27: {=IFERROR(SMALL(IF(Rotas!$A$5:$A$8=BD!$A27,Rotas!$B$5:$B$8,""),J$2),"")} | K27: {=IFERROR(SMALL(IF(Rotas!$A$5:$A$8=BD!$A27,Rotas!$B$5:$B$8,""),K$2),"")} | L27: {=IFERROR(SMALL(IF(Rotas!$A$5:$A$8=BD!$A27,Rotas!$B$5:$B$8,""),L$2),"")} | M27: {=IFERROR(SMALL(IF(Rotas!$A$5:$A$8=BD!$A27,Rotas!$B$5:$B$8,""),M$2),"")} | N27: {=IFERROR(SMALL(IF(Rotas!$A$5:$A$8=BD!$A27,Rotas!$B$5:$B$8,""),N$2),"")} | O27: {=IFERROR(SMALL(IF(Rotas!$A$5:$A$8=BD!$A27,Rotas!$B$5:$B$8,""),O$2),"")} | P27: {=IFERROR(SMALL(IF(Rotas!$A$5:$A$8=BD!$A27,Rotas!$B$5:$B$8,""),P$2),"")}
A28: 26 | B28: =COUNTIF(Rotas!$A$5:$A$8,$A28) -> 0 | D28: 46426 | E28: =TEXT(D28,"dddd") -> segunda-feira | F28: Carnaval | J28: {=IFERROR(SMALL(IF(Rotas!$A$5:$A$8=BD!$A28,Rotas!$B$5:$B$8,""),J$2),"")} | K28: {=IFERROR(SMALL(IF(Rotas!$A$5:$A$8=BD!$A28,Rotas!$B$5:$B$8,""),K$2),"")} | L28: {=IFERROR(SMALL(IF(Rotas!$A$5:$A$8=BD!$A28,Rotas!$B$5:$B$8,""),L$2),"")} | M28: {=IFERROR(SMALL(IF(Rotas!$A$5:$A$8=BD!$A28,Rotas!$B$5:$B$8,""),M$2),"")} | N28: {=IFERROR(SMALL(IF(Rotas!$A$5:$A$8=BD!$A28,Rotas!$B$5:$B$8,""),N$2),"")} | O28: {=IFERROR(SMALL(IF(Rotas!$A$5:$A$8=BD!$A28,Rotas!$B$5:$B$8,""),O$2),"")} | P28: {=IFERROR(SMALL(IF(Rotas!$A$5:$A$8=BD!$A28,Rotas!$B$5:$B$8,""),P$2),"")}
A29: 27 | B29: =COUNTIF(Rotas!$A$5:$A$8,$A29) -> 0 | D29: 46427 | E29: =TEXT(D29,"dddd") -> terça-feira | F29: Carnaval | J29: {=IFERROR(SMALL(IF(Rotas!$A$5:$A$8=BD!$A29,Rotas!$B$5:$B$8,""),J$2),"")} | K29: {=IFERROR(SMALL(IF(Rotas!$A$5:$A$8=BD!$A29,Rotas!$B$5:$B$8,""),K$2),"")} | L29: {=IFERROR(SMALL(IF(Rotas!$A$5:$A$8=BD!$A29,Rotas!$B$5:$B$8,""),L$2),"")} | M29: {=IFERROR(SMALL(IF(Rotas!$A$5:$A$8=BD!$A29,Rotas!$B$5:$B$8,""),M$2),"")} | N29: {=IFERROR(SMALL(IF(Rotas!$A$5:$A$8=BD!$A29,Rotas!$B$5:$B$8,""),N$2),"")} | O29: {=IFERROR(SMALL(IF(Rotas!$A$5:$A$8=BD!$A29,Rotas!$B$5:$B$8,""),O$2),"")} | P29: {=IFERROR(SMALL(IF(Rotas!$A$5:$A$8=BD!$A29,Rotas!$B$5:$B$8,""),P$2),"")}
A30: 28 | B30: =COUNTIF(Rotas!$A$5:$A$8,$A30) -> 0 | D30: 46472 | E30: =TEXT(D30,"dddd") -> sexta-feira | F30: Paixão de Cristo | J30: {=IFERROR(SMALL(IF(Rotas!$A$5:$A$8=BD!$A30,Rotas!$B$5:$B$8,""),J$2),"")} | K30: {=IFERROR(SMALL(IF(Rotas!$A$5:$A$8=BD!$A30,Rotas!$B$5:$B$8,""),K$2),"")} | L30: {=IFERROR(SMALL(IF(Rotas!$A$5:$A$8=BD!$A30,Rotas!$B$5:$B$8,""),L$2),"")} | M30: {=IFERROR(SMALL(IF(Rotas!$A$5:$A$8=BD!$A30,Rotas!$B$5:$B$8,""),M$2),"")} | N30: {=IFERROR(SMALL(IF(Rotas!$A$5:$A$8=BD!$A30,Rotas!$B$5:$B$8,""),N$2),"")} | O30: {=IFERROR(SMALL(IF(Rotas!$A$5:$A$8=BD!$A30,Rotas!$B$5:$B$8,""),O$2),"")} | P30: {=IFERROR(SMALL(IF(Rotas!$A$5:$A$8=BD!$A30,Rotas!$B$5:$B$8,""),P$2),"")}
A31: 29 | B31: =COUNTIF(Rotas!$A$5:$A$8,$A31) -> 0 | D31: =EDATE(D17,12) -> 46498 | E31: =TEXT(D31,"dddd") -> quarta-feira | F31: Feriado de Tiradentes | J31: {=IFERROR(SMALL(IF(Rotas!$A$5:$A$8=BD!$A31,Rotas!$B$5:$B$8,""),J$2),"")} | K31: {=IFERROR(SMALL(IF(Rotas!$A$5:$A$8=BD!$A31,Rotas!$B$5:$B$8,""),K$2),"")} | L31: {=IFERROR(SMALL(IF(Rotas!$A$5:$A$8=BD!$A31,Rotas!$B$5:$B$8,""),L$2),"")} | M31: {=IFERROR(SMALL(IF(Rotas!$A$5:$A$8=BD!$A31,Rotas!$B$5:$B$8,""),M$2),"")} | N31: {=IFERROR(SMALL(IF(Rotas!$A$5:$A$8=BD!$A31,Rotas!$B$5:$B$8,""),N$2),"")} | O31: {=IFERROR(SMALL(IF(Rotas!$A$5:$A$8=BD!$A31,Rotas!$B$5:$B$8,""),O$2),"")} | P31: {=IFERROR(SMALL(IF(Rotas!$A$5:$A$8=BD!$A31,Rotas!$B$5:$B$8,""),P$2),"")}
A32: 30 | B32: =COUNTIF(Rotas!$A$5:$A$8,$A32) -> 0 | D32: =EDATE(D18,12) -> 46508 | E32: =TEXT(D32,"dddd") -> sábado | F32: Dia do Trabalhador | J32: {=IFERROR(SMALL(IF(Rotas!$A$5:$A$8=BD!$A32,Rotas!$B$5:$B$8,""),J$2),"")} | K32: {=IFERROR(SMALL(IF(Rotas!$A$5:$A$8=BD!$A32,Rotas!$B$5:$B$8,""),K$2),"")} | L32: {=IFERROR(SMALL(IF(Rotas!$A$5:$A$8=BD!$A32,Rotas!$B$5:$B$8,""),L$2),"")} | M32: {=IFERROR(SMALL(IF(Rotas!$A$5:$A$8=BD!$A32,Rotas!$B$5:$B$8,""),M$2),"")} | N32: {=IFERROR(SMALL(IF(Rotas!$A$5:$A$8=BD!$A32,Rotas!$B$5:$B$8,""),N$2),"")} | O32: {=IFERROR(SMALL(IF(Rotas!$A$5:$A$8=BD!$A32,Rotas!$B$5:$B$8,""),O$2),"")} | P32: {=IFERROR(SMALL(IF(Rotas!$A$5:$A$8=BD!$A32,Rotas!$B$5:$B$8,""),P$2),"")}
A33: 31 | B33: =COUNTIF(Rotas!$A$5:$A$8,$A33) -> 0 | D33: 46534 | E33: =TEXT(D33,"dddd") -> quinta-feira | F33: Corpus Christi | J33: {=IFERROR(SMALL(IF(Rotas!$A$5:$A$8=BD!$A33,Rotas!$B$5:$B$8,""),J$2),"")} | K33: {=IFERROR(SMALL(IF(Rotas!$A$5:$A$8=BD!$A33,Rotas!$B$5:$B$8,""),K$2),"")} | L33: {=IFERROR(SMALL(IF(Rotas!$A$5:$A$8=BD!$A33,Rotas!$B$5:$B$8,""),L$2),"")} | M33: {=IFERROR(SMALL(IF(Rotas!$A$5:$A$8=BD!$A33,Rotas!$B$5:$B$8,""),M$2),"")} | N33: {=IFERROR(SMALL(IF(Rotas!$A$5:$A$8=BD!$A33,Rotas!$B$5:$B$8,""),N$2),"")} | O33: {=IFERROR(SMALL(IF(Rotas!$A$5:$A$8=BD!$A33,Rotas!$B$5:$B$8,""),O$2),"")} | P33: {=IFERROR(SMALL(IF(Rotas!$A$5:$A$8=BD!$A33,Rotas!$B$5:$B$8,""),P$2),"")}
A34: 32 | B34: =COUNTIF(Rotas!$A$5:$A$8,$A34) -> 0 | D34: =EDATE(D20,12) -> 46601 | E34: =TEXT(D34,"dddd") -> segunda-feira | F34: Nossa Srª dos Anjos - Gravataí | J34: {=IFERROR(SMALL(IF(Rotas!$A$5:$A$8=BD!$A34,Rotas!$B$5:$B$8,""),J$2),"")} | K34: {=IFERROR(SMALL(IF(Rotas!$A$5:$A$8=BD!$A34,Rotas!$B$5:$B$8,""),K$2),"")} | L34: {=IFERROR(SMALL(IF(Rotas!$A$5:$A$8=BD!$A34,Rotas!$B$5:$B$8,""),L$2),"")} | M34: {=IFERROR(SMALL(IF(Rotas!$A$5:$A$8=BD!$A34,Rotas!$B$5:$B$8,""),M$2),"")} | N34: {=IFERROR(SMALL(IF(Rotas!$A$5:$A$8=BD!$A34,Rotas!$B$5:$B$8,""),N$2),"")} | O34: {=IFERROR(SMALL(IF(Rotas!$A$5:$A$8=BD!$A34,Rotas!$B$5:$B$8,""),O$2),"")} | P34: {=IFERROR(SMALL(IF(Rotas!$A$5:$A$8=BD!$A34,Rotas!$B$5:$B$8,""),P$2),"")}
A35: 33 | B35: =COUNTIF(Rotas!$A$5:$A$8,$A35) -> 0 | D35: =EDATE(D21,12) -> 46637 | E35: =TEXT(D35,"dddd") -> terça-feira | F35: Independência | J35: {=IFERROR(SMALL(IF(Rotas!$A$5:$A$8=BD!$A35,Rotas!$B$5:$B$8,""),J$2),"")} | K35: {=IFERROR(SMALL(IF(Rotas!$A$5:$A$8=BD!$A35,Rotas!$B$5:$B$8,""),K$2),"")} | L35: {=IFERROR(SMALL(IF(Rotas!$A$5:$A$8=BD!$A35,Rotas!$B$5:$B$8,""),L$2),"")} | M35: {=IFERROR(SMALL(IF(Rotas!$A$5:$A$8=BD!$A35,Rotas!$B$5:$B$8,""),M$2),"")} | N35: {=IFERROR(SMALL(IF(Rotas!$A$5:$A$8=BD!$A35,Rotas!$B$5:$B$8,""),N$2),"")} | O35: {=IFERROR(SMALL(IF(Rotas!$A$5:$A$8=BD!$A35,Rotas!$B$5:$B$8,""),O$2),"")} | P35: {=IFERROR(SMALL(IF(Rotas!$A$5:$A$8=BD!$A35,Rotas!$B$5:$B$8,""),P$2),"")}
A36: 34 | B36: =COUNTIF(Rotas!$A$5:$A$8,$A36) -> 0 | D36: =EDATE(D22,12) -> 46650 | E36: =TEXT(D36,"dddd") -> segunda-feira | F36: Semana Farroupilha | J36: {=IFERROR(SMALL(IF(Rotas!$A$5:$A$8=BD!$A36,Rotas!$B$5:$B$8,""),J$2),"")} | K36: {=IFERROR(SMALL(IF(Rotas!$A$5:$A$8=BD!$A36,Rotas!$B$5:$B$8,""),K$2),"")} | L36: {=IFERROR(SMALL(IF(Rotas!$A$5:$A$8=BD!$A36,Rotas!$B$5:$B$8,""),L$2),"")} | M36: {=IFERROR(SMALL(IF(Rotas!$A$5:$A$8=BD!$A36,Rotas!$B$5:$B$8,""),M$2),"")} | N36: {=IFERROR(SMALL(IF(Rotas!$A$5:$A$8=BD!$A36,Rotas!$B$5:$B$8,""),N$2),"")} | O36: {=IFERROR(SMALL(IF(Rotas!$A$5:$A$8=BD!$A36,Rotas!$B$5:$B$8,""),O$2),"")} | P36: {=IFERROR(SMALL(IF(Rotas!$A$5:$A$8=BD!$A36,Rotas!$B$5:$B$8,""),P$2),"")}
A37: 35 | B37: =COUNTIF(Rotas!$A$5:$A$8,$A37) -> 0 | D37: =EDATE(D23,12) -> 46672 | E37: =TEXT(D37,"dddd") -> terça-feira | F37: Nossa Senhora Aparecida | J37: {=IFERROR(SMALL(IF(Rotas!$A$5:$A$8=BD!$A37,Rotas!$B$5:$B$8,""),J$2),"")} | K37: {=IFERROR(SMALL(IF(Rotas!$A$5:$A$8=BD!$A37,Rotas!$B$5:$B$8,""),K$2),"")} | L37: {=IFERROR(SMALL(IF(Rotas!$A$5:$A$8=BD!$A37,Rotas!$B$5:$B$8,""),L$2),"")} | M37: {=IFERROR(SMALL(IF(Rotas!$A$5:$A$8=BD!$A37,Rotas!$B$5:$B$8,""),M$2),"")} | N37: {=IFERROR(SMALL(IF(Rotas!$A$5:$A$8=BD!$A37,Rotas!$B$5:$B$8,""),N$2),"")} | O37: {=IFERROR(SMALL(IF(Rotas!$A$5:$A$8=BD!$A37,Rotas!$B$5:$B$8,""),O$2),"")} | P37: {=IFERROR(SMALL(IF(Rotas!$A$5:$A$8=BD!$A37,Rotas!$B$5:$B$8,""),P$2),"")}
A38: 36 | B38: =COUNTIF(Rotas!$A$5:$A$8,$A38) -> 0 | D38: =EDATE(D24,12) -> 46693 | E38: =TEXT(D38,"dddd") -> terça-feira | F38: Dia de Finados | J38: {=IFERROR(SMALL(IF(Rotas!$A$5:$A$8=BD!$A38,Rotas!$B$5:$B$8,""),J$2),"")} | K38: {=IFERROR(SMALL(IF(Rotas!$A$5:$A$8=BD!$A38,Rotas!$B$5:$B$8,""),K$2),"")} | L38: {=IFERROR(SMALL(IF(Rotas!$A$5:$A$8=BD!$A38,Rotas!$B$5:$B$8,""),L$2),"")} | M38: {=IFERROR(SMALL(IF(Rotas!$A$5:$A$8=BD!$A38,Rotas!$B$5:$B$8,""),M$2),"")} | N38: {=IFERROR(SMALL(IF(Rotas!$A$5:$A$8=BD!$A38,Rotas!$B$5:$B$8,""),N$2),"")} | O38: {=IFERROR(SMALL(IF(Rotas!$A$5:$A$8=BD!$A38,Rotas!$B$5:$B$8,""),O$2),"")} | P38: {=IFERROR(SMALL(IF(Rotas!$A$5:$A$8=BD!$A38,Rotas!$B$5:$B$8,""),P$2),"")}
A39: 37 | B39: =COUNTIF(Rotas!$A$5:$A$8,$A39) -> 0 | D39: 46706 | E39: =TEXT(D39,"dddd") -> segunda-feira | F39: Proclamação da República | J39: {=IFERROR(SMALL(IF(Rotas!$A$5:$A$8=BD!$A39,Rotas!$B$5:$B$8,""),J$2),"")} | K39: {=IFERROR(SMALL(IF(Rotas!$A$5:$A$8=BD!$A39,Rotas!$B$5:$B$8,""),K$2),"")} | L39: {=IFERROR(SMALL(IF(Rotas!$A$5:$A$8=BD!$A39,Rotas!$B$5:$B$8,""),L$2),"")} | M39: {=IFERROR(SMALL(IF(Rotas!$A$5:$A$8=BD!$A39,Rotas!$B$5:$B$8,""),M$2),"")} | N39: {=IFERROR(SMALL(IF(Rotas!$A$5:$A$8=BD!$A39,Rotas!$B$5:$B$8,""),N$2),"")} | O39: {=IFERROR(SMALL(IF(Rotas!$A$5:$A$8=BD!$A39,Rotas!$B$5:$B$8,""),O$2),"")} | P39: {=IFERROR(SMALL(IF(Rotas!$A$5:$A$8=BD!$A39,Rotas!$B$5:$B$8,""),P$2),"")}
A40: 38 | B40: =COUNTIF(Rotas!$A$5:$A$8,$A40) -> 0 | D40: =EDATE(D25,12) -> 46711 | E40: =TEXT(D40,"dddd") -> sábado | F40: Dia da Consciência Negra | J40: {=IFERROR(SMALL(IF(Rotas!$A$5:$A$8=BD!$A40,Rotas!$B$5:$B$8,""),J$2),"")} | K40: {=IFERROR(SMALL(IF(Rotas!$A$5:$A$8=BD!$A40,Rotas!$B$5:$B$8,""),K$2),"")} | L40: {=IFERROR(SMALL(IF(Rotas!$A$5:$A$8=BD!$A40,Rotas!$B$5:$B$8,""),L$2),"")} | M40: {=IFERROR(SMALL(IF(Rotas!$A$5:$A$8=BD!$A40,Rotas!$B$5:$B$8,""),M$2),"")} | N40: {=IFERROR(SMALL(IF(Rotas!$A$5:$A$8=BD!$A40,Rotas!$B$5:$B$8,""),N$2),"")} | O40: {=IFERROR(SMALL(IF(Rotas!$A$5:$A$8=BD!$A40,Rotas!$B$5:$B$8,""),O$2),"")} | P40: {=IFERROR(SMALL(IF(Rotas!$A$5:$A$8=BD!$A40,Rotas!$B$5:$B$8,""),P$2),"")}
A41: 39 | B41: =COUNTIF(Rotas!$A$5:$A$8,$A41) -> 0 | D41: =EDATE(D26,12) -> 46746 | E41: =TEXT(D41,"dddd") -> sábado | F41: Natal | J41: {=IFERROR(SMALL(IF(Rotas!$A$5:$A$8=BD!$A41,Rotas!$B$5:$B$8,""),J$2),"")} | K41: {=IFERROR(SMALL(IF(Rotas!$A$5:$A$8=BD!$A41,Rotas!$B$5:$B$8,""),K$2),"")} | L41: {=IFERROR(SMALL(IF(Rotas!$A$5:$A$8=BD!$A41,Rotas!$B$5:$B$8,""),L$2),"")} | M41: {=IFERROR(SMALL(IF(Rotas!$A$5:$A$8=BD!$A41,Rotas!$B$5:$B$8,""),M$2),"")} | N41: {=IFERROR(SMALL(IF(Rotas!$A$5:$A$8=BD!$A41,Rotas!$B$5:$B$8,""),N$2),"")} | O41: {=IFERROR(SMALL(IF(Rotas!$A$5:$A$8=BD!$A41,Rotas!$B$5:$B$8,""),O$2),"")} | P41: {=IFERROR(SMALL(IF(Rotas!$A$5:$A$8=BD!$A41,Rotas!$B$5:$B$8,""),P$2),"")}
A42: 40 | B42: =COUNTIF(Rotas!$A$5:$A$8,$A42) -> 0 | D42: =EDATE(D27,12) -> 46753 | E42: =TEXT(D42,"dddd") -> sábado | F42: Confraternização Universal - Ano Novo | J42: {=IFERROR(SMALL(IF(Rotas!$A$5:$A$8=BD!$A42,Rotas!$B$5:$B$8,""),J$2),"")} | K42: {=IFERROR(SMALL(IF(Rotas!$A$5:$A$8=BD!$A42,Rotas!$B$5:$B$8,""),K$2),"")} | L42: {=IFERROR(SMALL(IF(Rotas!$A$5:$A$8=BD!$A42,Rotas!$B$5:$B$8,""),L$2),"")} | M42: {=IFERROR(SMALL(IF(Rotas!$A$5:$A$8=BD!$A42,Rotas!$B$5:$B$8,""),M$2),"")} | N42: {=IFERROR(SMALL(IF(Rotas!$A$5:$A$8=BD!$A42,Rotas!$B$5:$B$8,""),N$2),"")} | O42: {=IFERROR(SMALL(IF(Rotas!$A$5:$A$8=BD!$A42,Rotas!$B$5:$B$8,""),O$2),"")} | P42: {=IFERROR(SMALL(IF(Rotas!$A$5:$A$8=BD!$A42,Rotas!$B$5:$B$8,""),P$2),"")}
A43: 41 | B43: =COUNTIF(Rotas!$A$5:$A$8,$A43) -> 0 | D43: =EDATE(D28,12) -> 46791 | E43: =TEXT(D43,"dddd") -> terça-feira | J43: {=IFERROR(SMALL(IF(Rotas!$A$5:$A$8=BD!$A43,Rotas!$B$5:$B$8,""),J$2),"")} | K43: {=IFERROR(SMALL(IF(Rotas!$A$5:$A$8=BD!$A43,Rotas!$B$5:$B$8,""),K$2),"")} | L43: {=IFERROR(SMALL(IF(Rotas!$A$5:$A$8=BD!$A43,Rotas!$B$5:$B$8,""),L$2),"")} | M43: {=IFERROR(SMALL(IF(Rotas!$A$5:$A$8=BD!$A43,Rotas!$B$5:$B$8,""),M$2),"")} | N43: {=IFERROR(SMALL(IF(Rotas!$A$5:$A$8=BD!$A43,Rotas!$B$5:$B$8,""),N$2),"")} | O43: {=IFERROR(SMALL(IF(Rotas!$A$5:$A$8=BD!$A43,Rotas!$B$5:$B$8,""),O$2),"")} | P43: {=IFERROR(SMALL(IF(Rotas!$A$5:$A$8=BD!$A43,Rotas!$B$5:$B$8,""),P$2),"")}
A44: 42 | B44: =COUNTIF(Rotas!$A$5:$A$8,$A44) -> 0 | D44: =EDATE(D30,12)-2 -> 46836 | E44: =TEXT(D44,"dddd") -> sexta-feira | F44: Paixão de Cristo | J44: {=IFERROR(SMALL(IF(Rotas!$A$5:$A$8=BD!$A44,Rotas!$B$5:$B$8,""),J$2),"")} | K44: {=IFERROR(SMALL(IF(Rotas!$A$5:$A$8=BD!$A44,Rotas!$B$5:$B$8,""),K$2),"")} | L44: {=IFERROR(SMALL(IF(Rotas!$A$5:$A$8=BD!$A44,Rotas!$B$5:$B$8,""),L$2),"")} | M44: {=IFERROR(SMALL(IF(Rotas!$A$5:$A$8=BD!$A44,Rotas!$B$5:$B$8,""),M$2),"")} | N44: {=IFERROR(SMALL(IF(Rotas!$A$5:$A$8=BD!$A44,Rotas!$B$5:$B$8,""),N$2),"")} | O44: {=IFERROR(SMALL(IF(Rotas!$A$5:$A$8=BD!$A44,Rotas!$B$5:$B$8,""),O$2),"")} | P44: {=IFERROR(SMALL(IF(Rotas!$A$5:$A$8=BD!$A44,Rotas!$B$5:$B$8,""),P$2),"")}
A45: 43 | B45: =COUNTIF(Rotas!$A$5:$A$8,$A45) -> 0 | D45: =EDATE(D31,12) -> 46864 | E45: =TEXT(D45,"dddd") -> sexta-feira | F45: Feriado de Tiradentes | J45: {=IFERROR(SMALL(IF(Rotas!$A$5:$A$8=BD!$A45,Rotas!$B$5:$B$8,""),J$2),"")} | K45: {=IFERROR(SMALL(IF(Rotas!$A$5:$A$8=BD!$A45,Rotas!$B$5:$B$8,""),K$2),"")} | L45: {=IFERROR(SMALL(IF(Rotas!$A$5:$A$8=BD!$A45,Rotas!$B$5:$B$8,""),L$2),"")} | M45: {=IFERROR(SMALL(IF(Rotas!$A$5:$A$8=BD!$A45,Rotas!$B$5:$B$8,""),M$2),"")} | N45: {=IFERROR(SMALL(IF(Rotas!$A$5:$A$8=BD!$A45,Rotas!$B$5:$B$8,""),N$2),"")} | O45: {=IFERROR(SMALL(IF(Rotas!$A$5:$A$8=BD!$A45,Rotas!$B$5:$B$8,""),O$2),"")} | P45: {=IFERROR(SMALL(IF(Rotas!$A$5:$A$8=BD!$A45,Rotas!$B$5:$B$8,""),P$2),"")}
A46: 44 | B46: =COUNTIF(Rotas!$A$5:$A$8,$A46) -> 0 | J46: {=IFERROR(SMALL(IF(Rotas!$A$5:$A$8=BD!$A46,Rotas!$B$5:$B$8,""),J$2),"")} | K46: {=IFERROR(SMALL(IF(Rotas!$A$5:$A$8=BD!$A46,Rotas!$B$5:$B$8,""),K$2),"")} | L46: {=IFERROR(SMALL(IF(Rotas!$A$5:$A$8=BD!$A46,Rotas!$B$5:$B$8,""),L$2),"")} | M46: {=IFERROR(SMALL(IF(Rotas!$A$5:$A$8=BD!$A46,Rotas!$B$5:$B$8,""),M$2),"")} | N46: {=IFERROR(SMALL(IF(Rotas!$A$5:$A$8=BD!$A46,Rotas!$B$5:$B$8,""),N$2),"")} | O46: {=IFERROR(SMALL(IF(Rotas!$A$5:$A$8=BD!$A46,Rotas!$B$5:$B$8,""),O$2),"")} | P46: {=IFERROR(SMALL(IF(Rotas!$A$5:$A$8=BD!$A46,Rotas!$B$5:$B$8,""),P$2),"")}
A47: 45 | B47: =COUNTIF(Rotas!$A$5:$A$8,$A47) -> 0 | J47: {=IFERROR(SMALL(IF(Rotas!$A$5:$A$8=BD!$A47,Rotas!$B$5:$B$8,""),J$2),"")} | K47: {=IFERROR(SMALL(IF(Rotas!$A$5:$A$8=BD!$A47,Rotas!$B$5:$B$8,""),K$2),"")} | L47: {=IFERROR(SMALL(IF(Rotas!$A$5:$A$8=BD!$A47,Rotas!$B$5:$B$8,""),L$2),"")} | M47: {=IFERROR(SMALL(IF(Rotas!$A$5:$A$8=BD!$A47,Rotas!$B$5:$B$8,""),M$2),"")} | N47: {=IFERROR(SMALL(IF(Rotas!$A$5:$A$8=BD!$A47,Rotas!$B$5:$B$8,""),N$2),"")} | O47: {=IFERROR(SMALL(IF(Rotas!$A$5:$A$8=BD!$A47,Rotas!$B$5:$B$8,""),O$2),"")} | P47: {=IFERROR(SMALL(IF(Rotas!$A$5:$A$8=BD!$A47,Rotas!$B$5:$B$8,""),P$2),"")}
A48: 46 | B48: =COUNTIF(Rotas!$A$5:$A$8,$A48) -> 0 | D48: Salário Mínimo para Insalubridade | J48: {=IFERROR(SMALL(IF(Rotas!$A$5:$A$8=BD!$A48,Rotas!$B$5:$B$8,""),J$2),"")} | K48: {=IFERROR(SMALL(IF(Rotas!$A$5:$A$8=BD!$A48,Rotas!$B$5:$B$8,""),K$2),"")} | L48: {=IFERROR(SMALL(IF(Rotas!$A$5:$A$8=BD!$A48,Rotas!$B$5:$B$8,""),L$2),"")} | M48: {=IFERROR(SMALL(IF(Rotas!$A$5:$A$8=BD!$A48,Rotas!$B$5:$B$8,""),M$2),"")} | N48: {=IFERROR(SMALL(IF(Rotas!$A$5:$A$8=BD!$A48,Rotas!$B$5:$B$8,""),N$2),"")} | O48: {=IFERROR(SMALL(IF(Rotas!$A$5:$A$8=BD!$A48,Rotas!$B$5:$B$8,""),O$2),"")} | P48: {=IFERROR(SMALL(IF(Rotas!$A$5:$A$8=BD!$A48,Rotas!$B$5:$B$8,""),P$2),"")}
A49: 47 | B49: =COUNTIF(Rotas!$A$5:$A$8,$A49) -> 0 | D49: Valor | E49: 1518 | J49: {=IFERROR(SMALL(IF(Rotas!$A$5:$A$8=BD!$A49,Rotas!$B$5:$B$8,""),J$2),"")} | K49: {=IFERROR(SMALL(IF(Rotas!$A$5:$A$8=BD!$A49,Rotas!$B$5:$B$8,""),K$2),"")} | L49: {=IFERROR(SMALL(IF(Rotas!$A$5:$A$8=BD!$A49,Rotas!$B$5:$B$8,""),L$2),"")} | M49: {=IFERROR(SMALL(IF(Rotas!$A$5:$A$8=BD!$A49,Rotas!$B$5:$B$8,""),M$2),"")} | N49: {=IFERROR(SMALL(IF(Rotas!$A$5:$A$8=BD!$A49,Rotas!$B$5:$B$8,""),N$2),"")} | O49: {=IFERROR(SMALL(IF(Rotas!$A$5:$A$8=BD!$A49,Rotas!$B$5:$B$8,""),O$2),"")} | P49: {=IFERROR(SMALL(IF(Rotas!$A$5:$A$8=BD!$A49,Rotas!$B$5:$B$8,""),P$2),"")}
A50: 48 | B50: =COUNTIF(Rotas!$A$5:$A$8,$A50) -> 0 | D50: Base: Decreto Federal 12.342/2024 | J50: {=IFERROR(SMALL(IF(Rotas!$A$5:$A$8=BD!$A50,Rotas!$B$5:$B$8,""),J$2),"")} | K50: {=IFERROR(SMALL(IF(Rotas!$A$5:$A$8=BD!$A50,Rotas!$B$5:$B$8,""),K$2),"")} | L50: {=IFERROR(SMALL(IF(Rotas!$A$5:$A$8=BD!$A50,Rotas!$B$5:$B$8,""),L$2),"")} | M50: {=IFERROR(SMALL(IF(Rotas!$A$5:$A$8=BD!$A50,Rotas!$B$5:$B$8,""),M$2),"")} | N50: {=IFERROR(SMALL(IF(Rotas!$A$5:$A$8=BD!$A50,Rotas!$B$5:$B$8,""),N$2),"")} | O50: {=IFERROR(SMALL(IF(Rotas!$A$5:$A$8=BD!$A50,Rotas!$B$5:$B$8,""),O$2),"")} | P50: {=IFERROR(SMALL(IF(Rotas!$A$5:$A$8=BD!$A50,Rotas!$B$5:$B$8,""),P$2),"")}
A51: 49 | B51: =COUNTIF(Rotas!$A$5:$A$8,$A51) -> 0 | J51: {=IFERROR(SMALL(IF(Rotas!$A$5:$A$8=BD!$A51,Rotas!$B$5:$B$8,""),J$2),"")} | K51: {=IFERROR(SMALL(IF(Rotas!$A$5:$A$8=BD!$A51,Rotas!$B$5:$B$8,""),K$2),"")} | L51: {=IFERROR(SMALL(IF(Rotas!$A$5:$A$8=BD!$A51,Rotas!$B$5:$B$8,""),L$2),"")} | M51: {=IFERROR(SMALL(IF(Rotas!$A$5:$A$8=BD!$A51,Rotas!$B$5:$B$8,""),M$2),"")} | N51: {=IFERROR(SMALL(IF(Rotas!$A$5:$A$8=BD!$A51,Rotas!$B$5:$B$8,""),N$2),"")} | O51: {=IFERROR(SMALL(IF(Rotas!$A$5:$A$8=BD!$A51,Rotas!$B$5:$B$8,""),O$2),"")} | P51: {=IFERROR(SMALL(IF(Rotas!$A$5:$A$8=BD!$A51,Rotas!$B$5:$B$8,""),P$2),"")}
A52: 50 | B52: =COUNTIF(Rotas!$A$5:$A$8,$A52) -> 0 | J52: {=IFERROR(SMALL(IF(Rotas!$A$5:$A$8=BD!$A52,Rotas!$B$5:$B$8,""),J$2),"")} | K52: {=IFERROR(SMALL(IF(Rotas!$A$5:$A$8=BD!$A52,Rotas!$B$5:$B$8,""),K$2),"")} | L52: {=IFERROR(SMALL(IF(Rotas!$A$5:$A$8=BD!$A52,Rotas!$B$5:$B$8,""),L$2),"")} | M52: {=IFERROR(SMALL(IF(Rotas!$A$5:$A$8=BD!$A52,Rotas!$B$5:$B$8,""),M$2),"")} | N52: {=IFERROR(SMALL(IF(Rotas!$A$5:$A$8=BD!$A52,Rotas!$B$5:$B$8,""),N$2),"")} | O52: {=IFERROR(SMALL(IF(Rotas!$A$5:$A$8=BD!$A52,Rotas!$B$5:$B$8,""),O$2),"")} | P52: {=IFERROR(SMALL(IF(Rotas!$A$5:$A$8=BD!$A52,Rotas!$B$5:$B$8,""),P$2),"")}
A53: 51 | B53: =COUNTIF(Rotas!$A$5:$A$8,$A53) -> 0 | J53: {=IFERROR(SMALL(IF(Rotas!$A$5:$A$8=BD!$A53,Rotas!$B$5:$B$8,""),J$2),"")} | K53: {=IFERROR(SMALL(IF(Rotas!$A$5:$A$8=BD!$A53,Rotas!$B$5:$B$8,""),K$2),"")} | L53: {=IFERROR(SMALL(IF(Rotas!$A$5:$A$8=BD!$A53,Rotas!$B$5:$B$8,""),L$2),"")} | M53: {=IFERROR(SMALL(IF(Rotas!$A$5:$A$8=BD!$A53,Rotas!$B$5:$B$8,""),M$2),"")} | N53: {=IFERROR(SMALL(IF(Rotas!$A$5:$A$8=BD!$A53,Rotas!$B$5:$B$8,""),N$2),"")} | O53: {=IFERROR(SMALL(IF(Rotas!$A$5:$A$8=BD!$A53,Rotas!$B$5:$B$8,""),O$2),"")} | P53: {=IFERROR(SMALL(IF(Rotas!$A$5:$A$8=BD!$A53,Rotas!$B$5:$B$8,""),P$2),"")}
A54: 52 | B54: =COUNTIF(Rotas!$A$5:$A$8,$A54) -> 0 | J54: {=IFERROR(SMALL(IF(Rotas!$A$5:$A$8=BD!$A54,Rotas!$B$5:$B$8,""),J$2),"")} | K54: {=IFERROR(SMALL(IF(Rotas!$A$5:$A$8=BD!$A54,Rotas!$B$5:$B$8,""),K$2),"")} | L54: {=IFERROR(SMALL(IF(Rotas!$A$5:$A$8=BD!$A54,Rotas!$B$5:$B$8,""),L$2),"")} | M54: {=IFERROR(SMALL(IF(Rotas!$A$5:$A$8=BD!$A54,Rotas!$B$5:$B$8,""),M$2),"")} | N54: {=IFERROR(SMALL(IF(Rotas!$A$5:$A$8=BD!$A54,Rotas!$B$5:$B$8,""),N$2),"")} | O54: {=IFERROR(SMALL(IF(Rotas!$A$5:$A$8=BD!$A54,Rotas!$B$5:$B$8,""),O$2),"")} | P54: {=IFERROR(SMALL(IF(Rotas!$A$5:$A$8=BD!$A54,Rotas!$B$5:$B$8,""),P$2),"")}
A55: 53 | B55: =COUNTIF(Rotas!$A$5:$A$8,$A55) -> 0 | J55: {=IFERROR(SMALL(IF(Rotas!$A$5:$A$8=BD!$A55,Rotas!$B$5:$B$8,""),J$2),"")} | K55: {=IFERROR(SMALL(IF(Rotas!$A$5:$A$8=BD!$A55,Rotas!$B$5:$B$8,""),K$2),"")} | L55: {=IFERROR(SMALL(IF(Rotas!$A$5:$A$8=BD!$A55,Rotas!$B$5:$B$8,""),L$2),"")} | M55: {=IFERROR(SMALL(IF(Rotas!$A$5:$A$8=BD!$A55,Rotas!$B$5:$B$8,""),M$2),"")} | N55: {=IFERROR(SMALL(IF(Rotas!$A$5:$A$8=BD!$A55,Rotas!$B$5:$B$8,""),N$2),"")} | O55: {=IFERROR(SMALL(IF(Rotas!$A$5:$A$8=BD!$A55,Rotas!$B$5:$B$8,""),O$2),"")} | P55: {=IFERROR(SMALL(IF(Rotas!$A$5:$A$8=BD!$A55,Rotas!$B$5:$B$8,""),P$2),"")}
A56: 54 | B56: =COUNTIF(Rotas!$A$5:$A$8,$A56) -> 0 | J56: {=IFERROR(SMALL(IF(Rotas!$A$5:$A$8=BD!$A56,Rotas!$B$5:$B$8,""),J$2),"")} | K56: {=IFERROR(SMALL(IF(Rotas!$A$5:$A$8=BD!$A56,Rotas!$B$5:$B$8,""),K$2),"")} | L56: {=IFERROR(SMALL(IF(Rotas!$A$5:$A$8=BD!$A56,Rotas!$B$5:$B$8,""),L$2),"")} | M56: {=IFERROR(SMALL(IF(Rotas!$A$5:$A$8=BD!$A56,Rotas!$B$5:$B$8,""),M$2),"")} | N56: {=IFERROR(SMALL(IF(Rotas!$A$5:$A$8=BD!$A56,Rotas!$B$5:$B$8,""),N$2),"")} | O56: {=IFERROR(SMALL(IF(Rotas!$A$5:$A$8=BD!$A56,Rotas!$B$5:$B$8,""),O$2),"")} | P56: {=IFERROR(SMALL(IF(Rotas!$A$5:$A$8=BD!$A56,Rotas!$B$5:$B$8,""),P$2),"")}
A57: 55 | B57: =COUNTIF(Rotas!$A$5:$A$8,$A57) -> 0 | J57: {=IFERROR(SMALL(IF(Rotas!$A$5:$A$8=BD!$A57,Rotas!$B$5:$B$8,""),J$2),"")} | K57: {=IFERROR(SMALL(IF(Rotas!$A$5:$A$8=BD!$A57,Rotas!$B$5:$B$8,""),K$2),"")} | L57: {=IFERROR(SMALL(IF(Rotas!$A$5:$A$8=BD!$A57,Rotas!$B$5:$B$8,""),L$2),"")} | M57: {=IFERROR(SMALL(IF(Rotas!$A$5:$A$8=BD!$A57,Rotas!$B$5:$B$8,""),M$2),"")} | N57: {=IFERROR(SMALL(IF(Rotas!$A$5:$A$8=BD!$A57,Rotas!$B$5:$B$8,""),N$2),"")} | O57: {=IFERROR(SMALL(IF(Rotas!$A$5:$A$8=BD!$A57,Rotas!$B$5:$B$8,""),O$2),"")} | P57: {=IFERROR(SMALL(IF(Rotas!$A$5:$A$8=BD!$A57,Rotas!$B$5:$B$8,""),P$2),"")}
A58: 56 | B58: =COUNTIF(Rotas!$A$5:$A$8,$A58) -> 0 | J58: {=IFERROR(SMALL(IF(Rotas!$A$5:$A$8=BD!$A58,Rotas!$B$5:$B$8,""),J$2),"")} | K58: {=IFERROR(SMALL(IF(Rotas!$A$5:$A$8=BD!$A58,Rotas!$B$5:$B$8,""),K$2),"")} | L58: {=IFERROR(SMALL(IF(Rotas!$A$5:$A$8=BD!$A58,Rotas!$B$5:$B$8,""),L$2),"")} | M58: {=IFERROR(SMALL(IF(Rotas!$A$5:$A$8=BD!$A58,Rotas!$B$5:$B$8,""),M$2),"")} | N58: {=IFERROR(SMALL(IF(Rotas!$A$5:$A$8=BD!$A58,Rotas!$B$5:$B$8,""),N$2),"")} | O58: {=IFERROR(SMALL(IF(Rotas!$A$5:$A$8=BD!$A58,Rotas!$B$5:$B$8,""),O$2),"")} | P58: {=IFERROR(SMALL(IF(Rotas!$A$5:$A$8=BD!$A58,Rotas!$B$5:$B$8,""),P$2),"")}
A59: 57 | B59: =COUNTIF(Rotas!$A$5:$A$8,$A59) -> 0 | J59: {=IFERROR(SMALL(IF(Rotas!$A$5:$A$8=BD!$A59,Rotas!$B$5:$B$8,""),J$2),"")} | K59: {=IFERROR(SMALL(IF(Rotas!$A$5:$A$8=BD!$A59,Rotas!$B$5:$B$8,""),K$2),"")} | L59: {=IFERROR(SMALL(IF(Rotas!$A$5:$A$8=BD!$A59,Rotas!$B$5:$B$8,""),L$2),"")} | M59: {=IFERROR(SMALL(IF(Rotas!$A$5:$A$8=BD!$A59,Rotas!$B$5:$B$8,""),M$2),"")} | N59: {=IFERROR(SMALL(IF(Rotas!$A$5:$A$8=BD!$A59,Rotas!$B$5:$B$8,""),N$2),"")} | O59: {=IFERROR(SMALL(IF(Rotas!$A$5:$A$8=BD!$A59,Rotas!$B$5:$B$8,""),O$2),"")} | P59: {=IFERROR(SMALL(IF(Rotas!$A$5:$A$8=BD!$A59,Rotas!$B$5:$B$8,""),P$2),"")}
A60: 58 | B60: =COUNTIF(Rotas!$A$5:$A$8,$A60) -> 0 | J60: {=IFERROR(SMALL(IF(Rotas!$A$5:$A$8=BD!$A60,Rotas!$B$5:$B$8,""),J$2),"")} | K60: {=IFERROR(SMALL(IF(Rotas!$A$5:$A$8=BD!$A60,Rotas!$B$5:$B$8,""),K$2),"")} | L60: {=IFERROR(SMALL(IF(Rotas!$A$5:$A$8=BD!$A60,Rotas!$B$5:$B$8,""),L$2),"")} | M60: {=IFERROR(SMALL(IF(Rotas!$A$5:$A$8=BD!$A60,Rotas!$B$5:$B$8,""),M$2),"")} | N60: {=IFERROR(SMALL(IF(Rotas!$A$5:$A$8=BD!$A60,Rotas!$B$5:$B$8,""),N$2),"")} | O60: {=IFERROR(SMALL(IF(Rotas!$A$5:$A$8=BD!$A60,Rotas!$B$5:$B$8,""),O$2),"")} | P60: {=IFERROR(SMALL(IF(Rotas!$A$5:$A$8=BD!$A60,Rotas!$B$5:$B$8,""),P$2),"")}
A61: 59 | B61: =COUNTIF(Rotas!$A$5:$A$8,$A61) -> 0 | J61: {=IFERROR(SMALL(IF(Rotas!$A$5:$A$8=BD!$A61,Rotas!$B$5:$B$8,""),J$2),"")} | K61: {=IFERROR(SMALL(IF(Rotas!$A$5:$A$8=BD!$A61,Rotas!$B$5:$B$8,""),K$2),"")} | L61: {=IFERROR(SMALL(IF(Rotas!$A$5:$A$8=BD!$A61,Rotas!$B$5:$B$8,""),L$2),"")} | M61: {=IFERROR(SMALL(IF(Rotas!$A$5:$A$8=BD!$A61,Rotas!$B$5:$B$8,""),M$2),"")} | N61: {=IFERROR(SMALL(IF(Rotas!$A$5:$A$8=BD!$A61,Rotas!$B$5:$B$8,""),N$2),"")} | O61: {=IFERROR(SMALL(IF(Rotas!$A$5:$A$8=BD!$A61,Rotas!$B$5:$B$8,""),O$2),"")} | P61: {=IFERROR(SMALL(IF(Rotas!$A$5:$A$8=BD!$A61,Rotas!$B$5:$B$8,""),P$2),"")}
A62: 60 | B62: =COUNTIF(Rotas!$A$5:$A$8,$A62) -> 0 | J62: {=IFERROR(SMALL(IF(Rotas!$A$5:$A$8=BD!$A62,Rotas!$B$5:$B$8,""),J$2),"")} | K62: {=IFERROR(SMALL(IF(Rotas!$A$5:$A$8=BD!$A62,Rotas!$B$5:$B$8,""),K$2),"")} | L62: {=IFERROR(SMALL(IF(Rotas!$A$5:$A$8=BD!$A62,Rotas!$B$5:$B$8,""),L$2),"")} | M62: {=IFERROR(SMALL(IF(Rotas!$A$5:$A$8=BD!$A62,Rotas!$B$5:$B$8,""),M$2),"")} | N62: {=IFERROR(SMALL(IF(Rotas!$A$5:$A$8=BD!$A62,Rotas!$B$5:$B$8,""),N$2),"")} | O62: {=IFERROR(SMALL(IF(Rotas!$A$5:$A$8=BD!$A62,Rotas!$B$5:$B$8,""),O$2),"")} | P62: {=IFERROR(SMALL(IF(Rotas!$A$5:$A$8=BD!$A62,Rotas!$B$5:$B$8,""),P$2),"")}
... A78: 76 | B78: =COUNTIF(Rotas!$A$5:$A$8,$A78) -> 0 | J78: {=IFERROR(SMALL(IF(Rotas!$A$5:$A$8=BD!$A78,Rotas!$B$5:$B$8,""),J$2),"")} | K78: {=IFERROR(SMALL(IF(Rotas!$A$5:$A$8=BD!$A78,Rotas!$B$5:$B$8,""),K$2),"")} | L78: {=IFERROR(SMALL(IF(Rotas!$A$5:$A$8=BD!$A78,Rotas!$B$5:$B$8,""),L$2),"")} | M78: {=IFERROR(SMALL(IF(Rotas!$A$5:$A$8=BD!$A78,Rotas!$B$5:$B$8,""),M$2),"")} | N78: {=IFERROR(SMALL(IF(Rotas!$A$5:$A$8=BD!$A78,Rotas!$B$5:$B$8,""),N$2),"")} | O78: {=IFERROR(SMALL(IF(Rotas!$A$5:$A$8=BD!$A78,Rotas!$B$5:$B$8,""),O$2),"")} | P78: {=IFERROR(SMALL(IF(Rotas!$A$5:$A$8=BD!$A78,Rotas!$B$5:$B$8,""),P$2),"")}
